Workbook
Name А1: #REF!
Name А1: #REF!
Name А1: #REF!
Name А1: #REF!
Name А1: #REF!
Name А1: #REF!
Name Выбор_1.1: 'Показатель 9.2'!$C$5:$C$6
Name Выбор_1.1: 'Показатель 9.3'!$C$5:$C$6
Name Выбор_1.1: 'Показатель 9.1'!$C$5:$C$6
Name Выбор_1.2: #REF!
Name Выбор_1.2: 'Показатель 8.1'!$C$5:$C$6
Name Выбор_1.2: 'Показатель 8.2'!$C$5:$C$6
Name Выбор_1.2: #REF!
Name Выбор_1.3: #REF!
Name Выбор_1.3: #REF!
Name Выбор_1.3: #REF!
Name Выбор_1.3: #REF!
Name Выбор_1.3: #REF!
Name Выбор_1.3: #REF!
Name Выбор_4.1: #REF!
Name Выбор_4.1: #REF!
Name Выбор_4.1: #REF!
Name Выбор_4.1: #REF!
Name Выбор_4.1: #REF!
Name Выбор_4.1: #REF!
Name Выбор_4.2: '[1]Показатель 4.2'!$C$5:$C$8
Name Выбор_4.3: '[1]Показатель 4.3'!$C$5:$C$7
Name Выбор_4.4: '[1]Показатель 4.4'!$C$6:$C$8
Name Выбор1.1: #REF!
Name Выбор1.1: #REF!
Name Выбор1.1: #REF!
Name Выбор1.1: #REF!
Name Выбор1.1: #REF!
Name Выбор1.1: #REF!
Name Да_нет: #REF!
Name Да_нет: #REF!
Name Да_нет: #REF!
Name Да_нет: #REF!
Name Да_нет: #REF!
Name Да_нет: #REF!
Name Коэфициент: [1]Параметры!$C$3:$C$4
Name Формат: #REF!

Sheet Оценка (Этап I - IV)
A1: Оценка муниципальных образований по I - IV этапам
A2: Календарный период | B2: 2023 год
A3: Наименование муниципального образования Саратовской обалсти | B3: Итого по I - IV этапам | C3: Итого по IV этапу | D3: Итого по III этапу | E3: Итого по II этапу | F3: Итого по I этапу
A4: Единица измерения | B4: баллов | C4: баллов | D4: баллов | E4: баллов | F4: баллов
A5: Максимальный балл | B5: =SUM(C5:F5) -> 40 | C5: 10 | D5: 10 | E5: 10 | F5: 10
A6: Городскте округа
A7: г. Саратов | B7: =SUM(C7:F7) -> 38 | C7: ='Оценка (Этап IV)'!B7 -> 10 | D7: 8 | E7: 10 | F7: 10
A8: п. Михайловское | B8: =SUM(C8:F8) -> 37 | C8: ='Оценка (Этап IV)'!B8 -> 9 | D8: 10 | E8: 9 | F8: 9
A9: ЗАТО Светлый | B9: =SUM(C9:F9) -> 35 | C9: ='Оценка (Этап IV)'!B9 -> 8 | D9: 8 | E9: 9 | F9: 10
A10: г. Шиханы | B10: =SUM(C10:F10) -> 20 | C10: ='Оценка (Этап IV)'!B10 -> 5 | D10: 3 | E10: 5 | F10: 7
A11: Муниципальные районы
A12: Александрово-Гайский | B12: =SUM(C12:F12) -> 11.5 | C12: ='Оценка (Этап IV)'!B12 -> 2.5 | D12: 2 | E12: 2 | F12: 5
A13: Аркадакский | B13: =SUM(C13:F13) -> 27 | C13: ='Оценка (Этап IV)'!B13 -> 6 | D13: 8 | E13: 6 | F13: 7
A14: Аткарский | B14: =SUM(C14:F14) -> 35.5 | C14: ='Оценка (Этап IV)'!B14 -> 10 | D14: 5.5 | E14: 10 | F14: 10
A15: Базарно-Карабулакский | B15: =SUM(C15:F15) -> 35 | C15: ='Оценка (Этап IV)'!B15 -> 9 | D15: 6.5 | E15: 9.5 | F15: 10
A16: Балаковский | B16: =SUM(C16:F16) -> 38.5 | C16: ='Оценка (Этап IV)'!B16 -> 10 | D16: 10 | E16: 10 | F16: 8.5
A17: Балашовский | B17: =SUM(C17:F17) -> 40 | C17: ='Оценка (Этап IV)'!B17 -> 10 | D17: 10 | E17: 10 | F17: 10
A18: Балтайский | B18: =SUM(C18:F18) -> 18.5 | C18: ='Оценка (Этап IV)'!B18 -> 7 | D18: 1.5 | E18: 1 | F18: 9
A19: Вольский | B19: =SUM(C19:F19) -> 10 | C19: ='Оценка (Этап IV)'!B19 -> 3 | D19: 2 | E19: 2 | F19: 3
A20: Воскресенский | B20: =SUM(C20:F20) -> 11 | C20: ='Оценка (Этап IV)'!B20 -> 2 | D20: 2 | E20: 3 | F20: 4
A21: Дергачевский | B21: =SUM(C21:F21) -> 31 | C21: ='Оценка (Этап IV)'!B21 -> 6 | D21: 8 | E21: 7 | F21: 10
A22: Духовницкий | B22: =SUM(C22:F22) -> 21 | C22: ='Оценка (Этап IV)'!B22 -> 6 | D22: 6 | E22: 3.5 | F22: 5.5
A23: Екатериновский | B23: =SUM(C23:F23) -> 10.5 | C23: ='Оценка (Этап IV)'!B23 -> 3 | D23: 4 | E23: 0 | F23: 3.5
... A48: Энгельсский | B48: =SUM(C48:F48) -> 37 | C48: ='Оценка (Этап IV)'!B48 -> 10 | D48: 8 | E48: 10 | F48: 9

Sheet Оценка (Этап IV)
A1: Оценка муниципальных образований по IV этапу «Составление проекта бюджета муниципального образования»
A2: Календарный период | B2: 2023 год
A3: Наименование муниципального образования Саратовской обалсти | B3: Итого по IV этапу | C3: ='Показатель 8.1'!A1 -> 8.1. Проект решения о бюджете муниципального образования | D3: ='Показатель 8.2'!A1 -> 8.2. Опубликование бюджета для граждан, разработанного на основе проекта решения о бюджете муниципального образования на очередной финансовый год (очередной финансовый год и плановый период), на портале (сайте) | E3: ='Показатель 9.1'!A1 -> 9.1. Информационное сообщение для граждан о проведении публичных слушаний по проекту решения о бюджете муниципального образования на очередной финансовый год (очередной финансовый год и плановый период) на портале (сайте) | F3: ='Показатель 9.2'!A1 -> 9.2. Проведение публичных слушаний по проекту решения о бюджете муниципального образования на очередной финансовый год (очередной финансовый год и плановый период) | G3: ='Показатель 9.3'!A1 -> 9.3. Участие муниципального образования в проводимых в текущем году федеральных и (или) региональных конкурсах по бюджетной тематике и опубликование информации об этом на портале (сайте).
A4: Единица измерения | B4: баллов | C4: баллов | D4: баллов | E4: баллов | F4: баллов | G4: баллов
A5: Максимальный балл | B5: =SUM(C5:G5) -> 10 | C5: ='Методика IV этап'!C8 -> 4 | D5: ='Методика IV этап'!C13 -> 3 | E5: ='Методика IV этап'!C20 -> 1 | F5: ='Методика IV этап'!C24 -> 1 | G5: ='Методика IV этап'!C28 -> 1
A6: Городскте округа
A7: г. Саратов | B7: =SUM(C7:G7) -> 10 | C7: ='Показатель 8.1'!J9 -> 4 | D7: ='Показатель 8.2'!H10 -> 3 | E7: ='Показатель 9.1'!H8 -> 1 | F7: ='Показатель 9.2'!J8 -> 1 | G7: ='Показатель 9.3'!G8 -> 1
A8: п. Михайловское | B8: =SUM(C8:G8) -> 9 | C8: ='Показатель 8.1'!J10 -> 4 | D8: ='Показатель 8.2'!H11 -> 2 | E8: ='Показатель 9.1'!H9 -> 1 | F8: ='Показатель 9.2'!J9 -> 1 | G8: ='Показатель 9.3'!G9 -> 1
A9: ЗАТО Светлый | B9: =SUM(C9:G9) -> 8 | C9: ='Показатель 8.1'!J11 -> 4 | D9: ='Показатель 8.2'!H12 -> 2 | E9: ='Показатель 9.1'!H10 -> 1 | F9: ='Показатель 9.2'!J10 -> 1 | G9: ='Показатель 9.3'!G10 -> 0
A10: г. Шиханы | B10: =SUM(C10:G10) -> 5 | C10: ='Показатель 8.1'!J12 -> 4 | D10: ='Показатель 8.2'!H13 -> 1 | E10: ='Показатель 9.1'!H11 -> 0 | F10: ='Показатель 9.2'!J11 -> 0 | G10: ='Показатель 9.3'!G11 -> 0
A11: Муниципальные районы
A12: Александрово-Гайский | B12: =SUM(C12:G12) -> 2.5 | C12: ='Показатель 8.1'!J14 -> 1 | D12: ='Показатель 8.2'!H15 -> 0.5 | E12: ='Показатель 9.1'!H13 -> 1 | F12: ='Показатель 9.2'!J13 -> 0 | G12: ='Показатель 9.3'!G13 -> 0
A13: Аркадакский | B13: =SUM(C13:G13) -> 6 | C13: ='Показатель 8.1'!J15 -> 2 | D13: ='Показатель 8.2'!H16 -> 1.5 | E13: ='Показатель 9.1'!H14 -> 1 | F13: ='Показатель 9.2'!J14 -> 0.5 | G13: ='Показатель 9.3'!G14 -> 1
A14: Аткарский | B14: =SUM(C14:G14) -> 10 | C14: ='Показатель 8.1'!J16 -> 4 | D14: ='Показатель 8.2'!H17 -> 3 | E14: ='Показатель 9.1'!H15 -> 1 | F14: ='Показатель 9.2'!J15 -> 1 | G14: ='Показатель 9.3'!G15 -> 1
A15: Базарно-Карабулакский | B15: =SUM(C15:G15) -> 9 | C15: ='Показатель 8.1'!J17 -> 4 | D15: ='Показатель 8.2'!H18 -> 3 | E15: ='Показатель 9.1'!H16 -> 1 | F15: ='Показатель 9.2'!J16 -> 1 | G15: ='Показатель 9.3'!G16 -> 0
A16: Балаковский | B16: =SUM(C16:G16) -> 10 | C16: ='Показатель 8.1'!J18 -> 4 | D16: ='Показатель 8.2'!H19 -> 3 | E16: ='Показатель 9.1'!H17 -> 1 | F16: ='Показатель 9.2'!J17 -> 1 | G16: ='Показатель 9.3'!G17 -> 1
A17: Балашовский | B17: =SUM(C17:G17) -> 10 | C17: ='Показатель 8.1'!J19 -> 4 | D17: ='Показатель 8.2'!H20 -> 3 | E17: ='Показатель 9.1'!H18 -> 1 | F17: ='Показатель 9.2'!J18 -> 1 | G17: ='Показатель 9.3'!G18 -> 1
A18: Балтайский | B18: =SUM(C18:G18) -> 7 | C18: ='Показатель 8.1'!J20 -> 4 | D18: ='Показатель 8.2'!H21 -> 2 | E18: ='Показатель 9.1'!H19 -> 0 | F18: ='Показатель 9.2'!J19 -> 1 | G18: ='Показатель 9.3'!G19 -> 0
A19: Вольский | B19: =SUM(C19:G19) -> 3 | C19: ='Показатель 8.1'!J21 -> 2 | D19: ='Показатель 8.2'!H22 -> 0 | E19: ='Показатель 9.1'!H20 -> 1 | F19: ='Показатель 9.2'!J20 -> 0 | G19: ='Показатель 9.3'!G20 -> 0
A20: Воскресенский | B20: =SUM(C20:G20) -> 2 | C20: ='Показатель 8.1'!J22 -> 2 | D20: ='Показатель 8.2'!H23 -> 0 | E20: ='Показатель 9.1'!H21 -> 0 | F20: ='Показатель 9.2'!J21 -> 0 | G20: ='Показатель 9.3'!G21 -> 0
A21: Дергачевский | B21: =SUM(C21:G21) -> 6 | C21: ='Показатель 8.1'!J23 -> 4 | D21: ='Показатель 8.2'!H24 -> 2 | E21: ='Показатель 9.1'!H22 -> 0 | F21: ='Показатель 9.2'!J22 -> 0 | G21: ='Показатель 9.3'!G22 -> 0
A22: Духовницкий | B22: =SUM(C22:G22) -> 6 | C22: ='Показатель 8.1'!J24 -> 4 | D22: ='Показатель 8.2'!H25 -> 1 | E22: ='Показатель 9.1'!H23 -> 1 | F22: ='Показатель 9.2'!J23 -> 0 | G22: ='Показатель 9.3'!G23 -> 0
A23: Екатериновский | B23: =SUM(C23:G23) -> 3 | C23: ='Показатель 8.1'!J25 -> 0 | D23: ='Показатель 8.2'!H26 -> 1 | E23: ='Показатель 9.1'!H24 -> 1 | F23: ='Показатель 9.2'!J24 -> 1 | G23: ='Показатель 9.3'!G24 -> 0
... A48: Энгельсский | B48: =SUM(C48:G48) -> 10 | C48: ='Показатель 8.1'!J50 -> 4 | D48: ='Показатель 8.2'!H51 -> 3 | E48: ='Показатель 9.1'!H49 -> 1 | F48: ='Показатель 9.2'!J49 -> 1 | G48: ='Показатель 9.3'!G49 -> 1

Sheet Методика IV этап
A1: IV этап. Составление проекта бюджета муниципального образования
A3: № п/п | B3: Вопросы и варианты ответов | C3: Баллы
A5: 8. | B5: Проект бюджета муниципального образования | C5: =C8+C13 -> 7
A6: 8.1 | B6: Опубликование проекта решения о бюджете муниципального образования на очередной финансовый год (очередной финансовый год и плановый период) на портале (сайте)
B7: В целях оценки показателя учитывается публикация проекта решения о бюджете муниципального образования в полном объеме, включая текстовую часть и все приложения к нему. Публикация отдельных составляющих в целях оценки показателя не учитывается. Проект решения о бюджете муниципального образования и материалы к нему должны быть опубликованы в течение 10 рабочих дней после внесения проекта решения в представительный орган муниципального образования и сохраняться не менее трех лет. В случае нарушения указанного срока применяется понижающий коэффициент за несоблюдение сроков обеспечения доступа к бюджетным данным. В случае если документ размещен позднее даты принятия решения о бюджете муниципального образования на очередной финансовый год (очередной финансовый год и плановый период), оценка показателя принимает значение 0 баллов.
B8: Опубликован в структурированном виде, с указанием полных или кратких наименований всех составляющих | C8: 4
B9: Опубликован, но не в структурированном виде и (или) без указания полных или кратких наименований всех составляющих | C9: 2
B10: Не опубликован | C10: 0
A11: 8.2 | B11: Опубликование бюджета для граждан, разработанного на основе проекта решения о бюджете муниципального образования на очередной финансовый год (очередной финансовый год и плановый период), на портале (сайте)
B12: В целях оценки показателя учитывается публикация информации в виде брошюр (презентаций), либо в виде отдельных сведений, опубликованных на портале (сайте). В том числе, должна быть представлена следующая информация: 1) показатели прогноза социально-экономического развития, на основе которых сформирован проект бюджета на очередной финансовый год (очередной финансовый год и плановый период) (в том числе, показатели, характеризующие объемы производства, численность и состав населения и т.д.); 2) сведения о доходах бюджета муниципального образования в разрезе видов доходов; 3) сведения о расходах бюджета муниципального образования по разделам и подразделам классификации расходов бюджета; 4) сведения о расходах бюджета муниципального образования на реализацию муниципальных программ, а также о целевых показателях (индикаторах), планируемых к достижению в результате их реализации; 5) сведения о социально-значимых проектах, предусмотренных к финансированию за счет бюджета муниципального образования, или об отсутствии таких проектов; 6) сведения об объеме (об отсутствии) муниципального долга; 7) контактная информация для обратной связи с гражданами могут использовать для дальнейшего обсуждения и участия в бюджетном процессе. По пунктам 1-6 информация должна быть представлена в динамике: фактические значения за отчетный год, оценку за текущий год и прогноз на очередной финансовый год и плановый период. Бюджет для граждан, разработанный на основе проекта решения о бюджете муниципального образования, должен быть опубликован не позднее даты внесения проекта решения о бюджете муниципального образования в представительный орган и сохраняться не менее трех лет. При нарушении указанного срока применяется понижающий коэффициент за несоблюдение сроков обеспечения доступа к бюджетным данным. В случае, если в установленный срок документ не размещен, оценка показателя принимает значение 0 баллов.
B13: Опубликован и содержит информацию по всем ключевым элементам | C13: 3
B14: Опубликован и содержит информацию по пяти и более ключевым элементам | C14: 2
B15: Опубликован и содержит информацию по трем и более ключевым элементам | C15: 1
B16: Не опубликован или содержит информацию менее чем по трем ключевым элементам | C16: 0
A17: 9. | B17: Общественное участие | C17: =C20+C24+C28 -> 3
A18: 9.1 | B18: Опубликование информационного сообщения для граждан о проведении публичных слушаний по проекту решения о бюджете муниципального образования на очередной финансовый год (очередной финансовый год и плановый период) на портале (сайте)
B19: В составе информационных сообщений о проведении публичных слушаний в обязательном порядке должны быть указаны дата, время, место и порядок их проведения и определения результата. Если указанные сведения представлены частично, оценка показателя принимает значение 0 баллов. В случае, если в установленный срок в информационном сообщении ссылка (адрес) на раздел (страницу) портала (сайта), где опубликованы указанные материалы, отсутствует, а также если по указанной ссылке (адресу) проект решения о бюджете муниципального образования на очередной финансовый год (очередной финансовый год и плановый период) не опубликован, оценка показателя принимает значение 0 баллов. Информационное сообщение о проведении публичных слушаний по проекту решения о бюджете должно быть опубликовано не позднее, чем за пять рабочих дней до дня проведения публичных слушаний и сохраняться до принятия решения об исполнении бюджета. При нарушении указанного срока применяется понижающий коэффициент за несоблюдение сроков обеспечения доступа к бюджетным данным. В случае, если информационное сообщение о проведении публичных слушаний опубликовано в день их проведения или позднее, оценка показателя принимает значение 0 баллов.
B20: Опубликовано и содержит информацию о том, где можно ознакомиться с проектом решения о бюджете муниципального образования на очередной финансовый год (очередной финансовый год и плановый период) | C20: 1
B21: Не опубликовано, или публичные слушания не проводились, или не отвечает требованиям | C21: 0
A22: 9.2 | B22: Проведение публичных слушаний по проекту решения о бюджете муниципального образования на очередной финансовый год (очередной финансовый год и плановый период) и опубликование в составе материалов к проекту решения о бюджете муниципального образования на очередной финансовый год (очередной финансовый год и плановый период) итогового документа (решения/ протокола), принятого по результатам публичных слушаний, на портале (сайте)
B23: В целях оценки показателя учитывается официальный документ (решение/протокол), принятый по итогам публичных слушаний или общественного обсуждения и подписанный уполномоченным должностным лицом. Указанный документ должен быть опубликован не позднее 10 рабочих дней после проведения публичных слушаний и сохраняться не менее трех лет. При нарушении указанного срока применяется понижающий коэффициент за несоблюдение сроков обеспечения доступа к бюджетным данным. В случае, если в установленный срок документ не размещен, оценка показателя принимает значение 0 баллов.
B24: Проводились, и в составе материалов к проекту решения о бюджете муниципального образования на очередной финансовый год (очередной финансовый год и плановый период) опубликован итоговый документ (решение/протокол), принятый по результатам публичных слушаний | C24: 1
B25: Публичные слушания не проводились, или не опубликован итоговый документ (решение/протокол), принятый по результатам публичных слушаний | C25: 0
A26: 9.3 | B26: Участие муниципального образования в проводимых в текущем году федеральных и (или) региональных конкурсах по бюджетной тематике и опубликование информации об этом на портале (сайте).
B27: В целях оценки показателя учитывается публикация информации об участии муниципального образования в федеральных или региональных конкурсах по бюджетной тематике на портале (сайте). В опубликованных сведениях в обязательном порядке должны быть указаны его наименование, организатор(-ы), сроки проведения, а также достигнутые результаты.
B28: Опубликована | C28: 1
B29: Не опубликована или не отвечает требованиям | C29: 0
B30: Итого баллов на IV этапе | C30: =C5+C17 -> 10

Sheet Показатель 8.1
A1: 8.1. Проект решения о бюджете муниципального образования
A2: Комментарий:
A3: ='Методика IV этап'!B7 -> В целях оценки показателя учитывается публикация проекта решения о бюджете муниципального образования в полном объеме, включая текстовую часть и все приложения к нему. Публикация отдельных составляющих в целях оценки показателя не учитывается. Проект решения о бюджете муниципального образования и материалы к нему должны быть опубликованы в течение 10 рабочих дней после внесения проекта решения в представительный орган муниципального образования и сохраняться не менее трех лет. В случае нарушения указанного срока применяется понижающий коэффициент за несоблюдение сроков обеспечения доступа к бюджетным данным. В случае если документ размещен позднее даты принятия решения о бюджете муниципального образования на очередной финансовый год (очередной финансовый год и плановый период), оценка показателя принимает значение 0 баллов.
A4: № п/п | B4: Наименование муниципального образования Саратовской обалсти | C4: ='Методика IV этап'!B6 -> Опубликование проекта решения о бюджете муниципального образования на очередной финансовый год (очередной финансовый год и плановый период) на портале (сайте) | D4: Формат (указать формат документа) | E4: Доступность (указать, если возникли трудности с поиском документа, если переход осуществляется более, чем за 5 «кликов» с основной страницы портала (сайта), если название раздела не соответствует содержанию) | F4: Оценка показателя 8.1 | K4: Ссылка на источник данных | L4: Комментарии
B5: Варианты ответов | C5: ='Методика IV этап'!B8 -> Опубликован в структурированном виде, с указанием полных или кратких наименований всех составляющих | D5: Word, Excel, PDF | F5: баллы | G5: понижающие коэффициенты | J5: Итого
C6: ='Методика IV этап'!B9 -> Опубликован, но не в структурированном виде и (или) без указания полных или кратких наименований всех составляющих | G6: графический формат | H6: затруднен-ный поиск | I6: несоблюде-ние сроков
C7: ='Методика IV этап'!B10 -> Не опубликован
B8: Городские округа
A9: 1 | B9: г. Саратов | C9: Опубликован в структурированном виде, с указанием полных или кратких наименований всех составляющих | D9: Word | F9: =IF(C9=$C$5,4,IF(C9=$C$6,2,0)) -> 4 | J9: =F9*(1-G9)*(1-H9)*(1-I9) -> 4 | K9: http://saratovmer.ru/budget/rubrics/4/1331.html
A10: 2 | B10: п. Михайловское | C10: Опубликован в структурированном виде, с указанием полных или кратких наименований всех составляющих | D10: Word, Excel | F10: =IF(C10=$C$5,4,IF(C10=$C$6,2,0)) -> 4 | J10: =F10*(1-H10)*(1-I10) -> 4 | K10: http://mihailovski.ru/byudzhet-mo-na-2024-2026-gody/resheniya-o-byudzhete-/proekt-resheniya-o-byudzhete-i-materialy-k-nemu/
A11: 3 | B11: ЗАТО Светлый | C11: Опубликован в структурированном виде, с указанием полных или кратких наименований всех составляющих | D11: Web, Word | F11: =IF(C11=$C$5,4,IF(C11=$C$6,2,0)) -> 4 | J11: =F11*(1-H11)*(1-I11) -> 4 | K11: https://zatosvetly.ru/city/economics_amp_finance/byudzhet-gorodskogo-okruga/byudzhet-gorodskogo-okruga-zato-svetlyy/2024-g/index.php?ELEMENT_ID=23783
A12: 4 | B12: г. Шиханы | C12: Опубликован в структурированном виде, с указанием полных или кратких наименований всех составляющих | D12: Word, Excel | F12: =IF(C12=$C$5,4,IF(C12=$C$6,2,0)) -> 4 | J12: =F12*(1-H12)*(1-I12) -> 4 | K12: http://zatoshihany.ru/budget/proekty-resheniy/2024/
B13: Муниципальные районы
A14: 5 | B14: Александрово-Гайский | C14: Опубликован, но не в структурированном виде и (или) без указания полных или кратких наименований всех составляющих | D14: Word | F14: =IF(C14=$C$5,4,IF(C14=$C$6,2,0)) -> 2 | I14: 0.5 | J14: =F14*(1-H14)*(1-I14)*(1-G14) -> 1 | K14: http://algay.sarmo.ru/byudzhet-ekonomika-finansy/byudzhet-dokumenty.php | L14: Дата последнего изменения файла Решения от 15 ноября 2023 года № 147 «О проекте бюджета Александрово-Гайского муниципального района на 2024 год и плановый период 2025 и 2026 годов» - 29.12.2023
A15: 6 | B15: Аркадакский | C15: Опубликован в структурированном виде, с указанием полных или кратких наименований всех составляющих | D15: Word | E15: больше 7 кликов, рекомендовано добавить на главной странице быструю ссылку на раздел «Бюджет» | F15: =IF(C15=$C$5,4,IF(C15=$C$6,2,0)) -> 4 | H15: 0.5 | J15: =F15*(1-H15)*(1-I15)*(1-G15) -> 2 | K15: https://arkadak.gosuslugi.ru/ofitsialno/statistika/byudzhet-dlya-grazhdan/reshenie-o-byudzhete/byudzhet-2024-2026/
A16: 7 | B16: Аткарский | C16: Опубликован в структурированном виде, с указанием полных или кратких наименований всех составляющих | D16: Word, Excel | F16: =IF(C16=$C$5,4,IF(C16=$C$6,2,0)) -> 4 | J16: =F16*(1-H16)*(1-I16)*(1-G16) -> 4 | K16: https://atkarsk.moyaokruga.ru/CityArticles.aspx?articleid=20559
A17: 8 | B17: Базарно-Карабулакский | C17: Опубликован в структурированном виде, с указанием полных или кратких наименований всех составляющих | D17: Web, Word, Excel | F17: =IF(C17=$C$5,4,IF(C17=$C$6,2,0)) -> 4 | J17: =F17*(1-H17)*(1-I17)*(1-G17) -> 4 | K17: https://admbk.ru/administration/finansovoe-upravlenie/byudzhet/proekt-byudzheta-bkmr-na-2024-2026-gg/proekt-byudzheta-bkmr-na-2024-2026-gg/
A18: 9 | B18: Балаковский | C18: Опубликован в структурированном виде, с указанием полных или кратких наименований всех составляющих | D18: Word, Excel | F18: =IF(C18=$C$5,4,IF(C18=$C$6,2,0)) -> 4 | J18: =F18*(1-H18)*(1-I18)*(1-G18) -> 4 | K18: http://balkomfin.ru/
A19: 10 | B19: Балашовский | C19: Опубликован в структурированном виде, с указанием полных или кратких наименований всех составляющих | D19: Word | E19: лишняя папка в архиве | F19: =IF(C19=$C$5,4,IF(C19=$C$6,2,0)) -> 4 | J19: =F19*(1-H19)*(1-I19)*(1-G19) -> 4 | K19: http://baladmin.ru/byudzhet-na-2024-god-i-planovyy-period-2025-i-2026-godov.php
A20: 11 | B20: Балтайский | C20: Опубликован в структурированном виде, с указанием полных или кратких наименований всех составляющих | D20: Word, Excel | F20: =IF(C20=$C$5,4,IF(C20=$C$6,2,0)) -> 4 | J20: =F20*(1-H20)*(1-I20)*(1-G20) -> 4 | K20: http://adm-baltay.ru/finansovoe-upravlenie/proekt-mestnogo-byudzheta-baltajskogo-municzipalnogo-rajona-na-2024-god-i-na-planovyj-period-2025-2026-godov/
A21: 12 | B21: Вольский | C21: Опубликован, но не в структурированном виде и (или) без указания полных или кратких наименований всех составляющих | D21: Word | F21: =IF(C21=$C$5,4,IF(C21=$C$6,2,0)) -> 2 | J21: =F21*(1-H21)*(1-I21)*(1-G21) -> 2 | K21: http://volsk-ms.ru/resheniya-vms/proektyi/ | L21: Обратите внимание, ссылка на страницу, где размещен оцениваемый документ, не была предоставлена. Был частично описан путь с главной страницы, что затрудняет поиск оцениваемой информации .
A22: 13 | B22: Воскресенский | C22: Опубликован, но не в структурированном виде и (или) без указания полных или кратких наименований всех составляющих | D22: Word | F22: =IF(C22=$C$5,4,IF(C22=$C$6,2,0)) -> 2 | J22: =F22*(1-H22)*(1-I22)*(1-G22) -> 2 | K22: https://voskresensk64.ru/meeting/mun-sobranie/documents/index.php
A23: 14 | B23: Дергачевский | C23: Опубликован в структурированном виде, с указанием полных или кратких наименований всех составляющих | D23: Word, Excel | E23: лишняя папка в архиве | F23: =IF(C23=$C$5,4,IF(C23=$C$6,2,0)) -> 4 | J23: =F23*(1-H23)*(1-I23)*(1-G23) -> 4 | K23: http://dergachi.sarmo.ru/sobranie-dergachevskogo-munitsipalnogo-rayona/resheniya-sobraniya-dergachevskogo-munitsipalnogo-rayona/
A24: 15 | B24: Духовницкий | C24: Опубликован в структурированном виде, с указанием полных или кратких наименований всех составляющих | D24: Web, Word, Excel | F24: =IF(C24=$C$5,4,IF(C24=$C$6,2,0)) -> 4 | J24: =F24*(1-H24)*(1-I24)*(1-G24) -> 4 | K24: http://duhovnitskoe.sarmo.ru/ispolnenie-byudzheta/byudzhet-2024-goda/proekt-pervoe-cht.php | L24: Отсутствует возможность скачать проект целиком.
A25: 16 | B25: Екатериновский | C25: Не опубликован | D25: Word | F25: =IF(C25=$C$5,4,IF(C25=$C$6,2,0)) -> 0 | J25: =F25*(1-H25)*(1-I25)*(1-G25) -> 0 | K25: http://ekaterinovka.sarmo.ru/rayonnoe-sobranie/2023.php | L25: Опубликована только текстовая часть проекта Решения.
A26: 17 | B26: Ершовский | C26: Опубликован в структурированном виде, с указанием полных или кратких наименований всех составляющих | D26: Word, Excel | E26: Лишняя папка в архиве | F26: =IF(C26=$C$5,4,IF(C26=$C$6,2,0)) -> 4 | J26: =F26*(1-H26)*(1-I26)*(1-G26) -> 4 | K26: https://adminemr.ru/byudzhet-i-finansy/byudzhet/PROEKTBUDJETA/ | L26: Проект решения и приложения к проекту решения рекомендуется размещать отдельно от дополнительных материалов.
A27: 18 | B27: Ивантеевский | C27: Опубликован в структурированном виде, с указанием полных или кратких наименований всех составляющих | D27: Web, Word | E27: Лишние папки в архиве | F27: =IF(C27=$C$5,4,IF(C27=$C$6,2,0)) -> 4 | J27: =F27*(1-H27)*(1-I27)*(1-G27) -> 4 | K27: http://ivanteevka.sarmo.ru/byudzhet-dlya-grazhdan/proekt-byudzheta-dlya-grazhdan/proekt-byudzheta-na-2024-god.php | L27: Нет возможности скачать текстовую часть проекта.
A28: 19 | B28: Калининский | C28: Опубликован, но не в структурированном виде и (или) без указания полных или кратких наименований всех составляющих | D28: Word | F28: =IF(C28=$C$5,4,IF(C28=$C$6,2,0)) -> 2 | J28: =F28*(1-H28)*(1-I28)*(1-G28) -> 2 | K28: http://kalininsk.sarmo.ru/otkrytyybyudzhet/proekty-byudzheta/proekty-na-2024-god.php
A29: 20 | B29: Красноармейский | C29: Опубликован в структурированном виде, с указанием полных или кратких наименований всех составляющих | D29: Word, Ехсеl | E29: Лишние файлы в архиве | F29: =IF(C29=$C$5,4,IF(C29=$C$6,2,0)) -> 4 | I29: 0.5 | J29: =F29*(1-H29)*(1-I29)*(1-G29) -> 2 | K29: https://krasnoarmeysk64.ru/krasnoarmeyskiy-rayon/byudzhet/reshenie-o-byudzhete-krasnoarmeyskogo-munitsipalnogo-rayona/ | L29: Проект решения о бюджете муниципального образования и материалы к нему должны быть опубликованы в течение 10 рабочих дней после внесения проекта решения в представительный орган муниципального образования (дата размещения проекта - 22.12.2023, дата внесения в представительный орган - 13.11.2023)
A30: 21 | B30: Краснокутский | C30: Не опубликован | D30: Word | F30: =IF(C30=$C$5,4,IF(C30=$C$6,2,0)) -> 0 | J30: =F30*(1-H30)*(1-I30)*(1-G30) -> 0 | K30: https://krasny-kut.ru/finansy/novosti/ | L30: Приложение 7 к проекту решения не открывается, выдает страницу с ошибкой.
A31: 22 | B31: Краснопартизанский | C31: Опубликован в структурированном виде, с указанием полных или кратких наименований всех составляющих | D31: Word, Ехсеl | F31: =IF(C31=$C$5,4,IF(C31=$C$6,2,0)) -> 4 | J31: =F31*(1-H31)*(1-I31)*(1-G31) -> 4 | K31: https://adminkmr.ru/byudzhet/byudzhet-munitsipalnogo-rayona/byudzhet-rayona-2024.php
A32: 23 | B32: Лысогорский | C32: Опубликован в структурированном виде, с указанием полных или кратких наименований всех составляющих | D32: Word | E32: Лишняя папка в архиве | F32: =IF(C32=$C$5,4,IF(C32=$C$6,2,0)) -> 4 | J32: =F32*(1-H32)*(1-I32)*(1-G32) -> 4 | K32: https://adm.lysyegory.ru/base/14152-proekt-byudzheta-lmr-2024.html
A33: 24 | B33: Марксовский | C33: Опубликован в структурированном виде, с указанием полных или кратких наименований всех составляющих | D33: Word, Ехсеl | F33: =IF(C33=$C$5,4,IF(C33=$C$6,2,0)) -> 4 | J33: =F33*(1-H33)*(1-I33)*(1-G33) -> 4 | K33: https://marksadm.ru/pr-but.html
A34: 25 | B34: Новобурасский | C34: Опубликован в структурированном виде, с указанием полных или кратких наименований всех составляющих | D34: Web, Word, Excel | F34: =IF(C34=$C$5,4,IF(C34=$C$6,2,0)) -> 4 | J34: =F34*(1-H34)*(1-I34)*(1-G34) -> 4 | K34: http://www.nbfin.ru/resheniya_o_byudzhetah/novoburasskogo_municipal_nogo_rajona/proekt_resheniya_o_byudzhete/na_2024_god/
A35: 26 | B35: Новоузенский | C35: Опубликован, но не в структурированном виде и (или) без указания полных или кратких наименований всех составляющих | D35: Word | E35: Лишняя папка в архиве | F35: =IF(C35=$C$5,4,IF(C35=$C$6,2,0)) -> 2 | J35: =F35*(1-H35)*(1-I35)*(1-G35) -> 2 | K35: https://novouzensk.gosuslugi.ru/ofitsialno/dokumenty/dokumenty-all_145.html
A36: 27 | B36: Озинский | C36: Не опубликован | D36: Word, Ехсеl | F36: =IF(C36=$C$5,4,IF(C36=$C$6,2,0)) -> 0 | J36: =F36*(1-H36)*(1-I36)*(1-G36) -> 0 | K36: http://ozinki.sarmo.ru/byudzhet/byudzhet-munitsipalnogo-rayona.php?ELEMENT_ID=9406 | L36: По предоставленной ссылке и на сайте оцениваемый документ не обнаружен.
A37: 28 | B37: Перелюбский | C37: Опубликован в структурированном виде, с указанием полных или кратких наименований всех составляющих | D37: Word, Ехсеl | E37: Лишние папки в архиве | F37: =IF(C37=$C$5,4,IF(C37=$C$6,2,0)) -> 4 | J37: =F37*(1-H37)*(1-I37)*(1-G37) -> 4 | K37: https://www.перелюбский.рф/dokumenty/byudzhet-rayona/
A38: 29 | B38: Петровский | C38: Опубликован в структурированном виде, с указанием полных или кратких наименований всех составляющих | D38: Word | F38: =IF(C38=$C$5,4,IF(C38=$C$6,2,0)) -> 4 | J38: =F38*(1-H38)*(1-I38)*(1-G38) -> 4 | K38: https://petrovsk64.gosuslugi.ru/ofitsialno/struktura/munitsipalnye-podvedomstvennye-organizatsii/fin-upr/byudzhet-munitsipalnogo-rayona/dokumenty_15998.html
A39: 30 | B39: Питерский | C39: Опубликован в структурированном виде, с указанием полных или кратких наименований всех составляющих | D39: Word | F39: =IF(C39=$C$5,4,IF(C39=$C$6,2,0)) -> 4 | J39: =F39*(1-H39)*(1-I39)*(1-G39) -> 4 | K39: https://питерка.рф/ekonomika-i-byudzhet/byudzhet-piterskogo-mr/proekt-byudzheta/proekt-byudzheta-na-2024-god-i-planovyy-period-2025-2026-godov/
A40: 31 | B40: Пугачевский | C40: Опубликован в структурированном виде, с указанием полных или кратких наименований всех составляющих | D40: Word | F40: =IF(C40=$C$5,4,IF(C40=$C$6,2,0)) -> 4 | J40: =F40*(1-H40)*(1-I40)*(1-G40) -> 4 | K40: https://pugachev-adm.gosuslugi.ru/ofitsialno/byudzhet-rayona/proekt-byudzheta/2024-god/
A41: 32 | B41: Ровенский | C41: Опубликован в структурированном виде, с указанием полных или кратких наименований всех составляющих | D41: Word, Ехсеl | F41: =IF(C41=$C$5,4,IF(C41=$C$6,2,0)) -> 4 | J41: =F41*(1-H41)*(1-I41)*(1-G41) -> 4 | K41: http://rovnoe.sarmo.ru/byudzhet/reshenie-byudzheta-na-2017-god/2024-god.php?clear_cache=Y
A42: 33 | B42: Романовский | C42: Опубликован в структурированном виде, с указанием полных или кратких наименований всех составляющих | D42: Word | F42: =IF(C42=$C$5,4,IF(C42=$C$6,2,0)) -> 4 | J42: =F42*(1-H42)*(1-I42)*(1-G42) -> 4 | K42: http://romanovka.sarmo.ru/byudzhet-dlya-grazhdan/byudzhet-romanovskogo-munitsipalnogo-rayona/kharakteristika-utverzhdennogo-byudzheta/
A43: 34 | B43: Ртищевский | C43: Опубликован, но не в структурированном виде и (или) без указания полных или кратких наименований всех составляющих | D43: Word | F43: =IF(C43=$C$5,4,IF(C43=$C$6,2,0)) -> 2 | J43: =F43*(1-H43)*(1-I43)*(1-G43) -> 2 | K43: http://rtishevo.sarmo.ru/finansovyy-organ/novosti/ | L43: По предоставленной ссылке http://rtishevo.sarmo.ru/finansovyy-organ/rtishchevskiy-munitsipalnyy-rayon/2024-god/proekt-byudzheta-rtishchevskogo-munitsipalnogo-rayona/ к постановляющей части прикреплен проект бюджета на 2023-2025 гг.
A44: 35 | B44: Самойловский | C44: Опубликован, но не в структурированном виде и (или) без указания полных или кратких наименований всех составляющих | D44: Word | F44: =IF(C44=$C$5,4,IF(C44=$C$6,2,0)) -> 2 | J44: =F44*(1-H44)*(1-I44)*(1-G44) -> 2 | K44: https://sam64.ru/ekonomika-i-byudzhet/byudzhet/proekt-byudzheta/ | L44: По предоставленной ссылке https://sam64.ru/ekonomika-i-byudzhet/byudzhet/resheniya-o-byudzhete/ оцениваемый документ не обнаружен. Найден на сайте как часть документа Постановление от 15.11.2023 №7 «О назначении публичных слушаний по проекту решения о бюджете Самойловского муниципального района Саратовской области на 2024 год и плановый период 2025-2026 годов»
A45: 36 | B45: Советский | C45: Опубликован в структурированном виде, с указанием полных или кратких наименований всех составляющих | D45: Word, Ехсеl | F45: =IF(C45=$C$5,4,IF(C45=$C$6,2,0)) -> 4 | J45: =F45*(1-H45)*(1-I45)*(1-G45) -> 4 | K45: https://stepnoe-adm.ru/administration/use-budget-funds/mestnyy-byudzhet/
A46: 37 | B46: Татищевский | C46: Опубликован в структурированном виде, с указанием полных или кратких наименований всех составляющих | D46: Word | F46: =IF(C46=$C$5,4,IF(C46=$C$6,2,0)) -> 4 | J46: =F46*(1-H46)*(1-I46)*(1-G46) -> 4 | K46: http://tatishevo.saratov.gov.ru/index.php?option=com_content&view=article&id=2666:2016-02-02-08-52-24&catid=64:2009-12-20-17-44-19&Itemid=91 | L46: Обратите внимание, необходимо указывать прямую ссылку на страницу, где размещен оцениваемый документ.
A47: 38 | B47: Турковский | C47: Опубликован в структурированном виде, с указанием полных или кратких наименований всех составляющих | D47: Web, Word | F47: =IF(C47=$C$5,4,IF(C47=$C$6,2,0)) -> 4 | J47: =F47*(1-H47)*(1-I47)*(1-G47) -> 4 | K47: https://turkovskoe-r64.gosweb.gosuslugi.ru/deyatelnost/napravleniya-deyatelnosti/otkrytyy-byudzhet/proekt-byudzheta-turkovskogo-munitsipalnogo-rayona/2024-god/ | L47: Отсутствует возможность скачать проект одним архивом или отдельно постановляющую часть проекта
A48: 39 | B48: Федоровский | C48: Опубликован в структурированном виде, с указанием полных или кратких наименований всех составляющих | D48: Word, Ехсеl | F48: =IF(C48=$C$5,4,IF(C48=$C$6,2,0)) -> 4 | J48: =F48*(1-H48)*(1-I48)*(1-G48) -> 4 | K48: http://fedormr.ru/byudzhet/byudzhet2024.php
A49: 40 | B49: Хвалынский | C49: Опубликован, но не в структурированном виде и (или) без указания полных или кратких наименований всех составляющих | D49: Word | F49: =IF(C49=$C$5,4,IF(C49=$C$6,2,0)) -> 2 | J49: =F49*(1-H49)*(1-I49)*(1-G49) -> 2 | K49: http://hvalynsk.sarmo.ru/administratsiya-khvalynskogo-munitsipalnogo-rayona/byudzhet/proekt-byudzheta.php
A50: 41 | B50: Энгельсский | C50: Опубликован в структурированном виде, с указанием полных или кратких наименований всех составляющих | D50: Word, Ехсеl | F50: =IF(C50=$C$5,4,IF(C50=$C$6,2,0)) -> 4 | J50: =F50*(1-H50)*(1-I50)*(1-G50) -> 4 | K50: www.engels-city.ru/publichnye-slushaniya

Sheet Показатель 8.2
A1: 8.2. Опубликование бюджета для граждан, разработанного на основе проекта решения о бюджете муниципального образования на очередной финансовый год (очередной финансовый год и плановый период), на портале (сайте)
A2: Комментарий:
A3: ='Методика IV этап'!B12 -> В целях оценки показателя учитывается публикация информации в виде брошюр (презентаций), либо в виде отдельных сведений, опубликованных на портале (сайте). В том числе, должна быть представлена следующая информация: 1) показатели прогноза социально-экономического развития, на основе которых сформирован проект бюджета на очередной финансовый год (очередной финансовый год и плановый период) (в том числе, показатели, характеризующие объемы производства, численность и состав населения и т.д.); 2) сведения о доходах бюджета муниципального образования в разрезе видов доходов; 3) сведения о расходах бюджета муниципального образования по разделам и подразделам классификации расходов бюджета; 4) сведения о расходах бюджета муниципального образования на реализацию муниципальных программ, а также о целевых показателях (индикаторах), планируемых к достижению в результате их реализации; 5) сведения о социально-значимых проектах, предусмотренных к финансированию за счет бюджета муниципального образования, или об отсутствии таких проектов; 6) сведения об объеме (об отсутствии) муниципального долга; 7) контактная информация для обратной связи с гражданами могут использовать для дальнейшего обсуждения и участия в бюджетном процессе. По пунктам 1-6 информация должна быть представлена в динамике: фактические значения за отчетный год, оценку за текущий год и прогноз на очередной финансовый год и плановый период. Бюджет для граждан, разработанный на основе проекта решения о бюджете муниципального образования, должен быть опубликован не позднее даты внесения проекта решения о бюджете муниципального образования в представительный орган и сохраняться не менее трех лет. При нарушении указанного срока применяется понижающий коэффициент за несоблюдение сроков обеспечения доступа к бюджетным данным. В случае, если в установленный срок документ не размещен, оценка показателя принимает значение 0 баллов.
A4: № п/п | B4: Наименование муниципального образования Саратовской обалсти | C4: ='Методика IV этап'!B11 -> Опубликование бюджета для граждан, разработанного на основе проекта решения о бюджете муниципального образования на очередной финансовый год (очередной финансовый год и плановый период), на портале (сайте) | D4: Доступность (указать, если возникли трудности с поиском документа, если переход осуществляется более, чем за 5 «кликов» с основной страницы портала (сайта), если название раздела не соответствует содержанию) | E4: Оценка показателя 8.2 | I4: Ссылка на источник данных | J4: Комментарии
B5: Варианты ответов | C5: ='Методика IV этап'!B13 -> Опубликован и содержит информацию по всем ключевым элементам | E5: баллы | F5: понижающие коэффициенты | H5: Итого
C6: ='Методика IV этап'!B14 -> Опубликован и содержит информацию по пяти и более ключевым элементам | F6: затруднен-ный поиск | G6: несоблюде-ние сроков
C7: ='Методика IV этап'!B15 -> Опубликован и содержит информацию по трем и более ключевым элементам
C8: ='Методика IV этап'!B16 -> Не опубликован или содержит информацию менее чем по трем ключевым элементам
B9: Городские округа
A10: 1 | B10: г. Саратов | C10: Опубликован и содержит информацию по всем ключевым элементам | E10: =IF(C10=$C$5,3,(IF(C10=$C$6,2,(IF(C10=$C$7,1,0))))) -> 3 | H10: =E10*(1-F10)*(1-G10) -> 3 | I10: http://saratovmer.ru/budget/rubrics/6/1310.html
A11: 2 | B11: п. Михайловское | C11: Опубликован и содержит информацию по пяти и более ключевым элементам | E11: =IF(C11=$C$5,3,(IF(C11=$C$6,2,(IF(C11=$C$7,1,0))))) -> 2 | H11: =E11*(1-F11)*(1-G11) -> 2 | I11: http://mihailovski.ru/byudzhet-dlya-grazhdan/byudzhet-dlya-grazhdan-razrabotannyy-na-osnove-pro6563/ | J11: Пункт 4 не соответствует (сведения о целевых показателях по муниципальным программам представлены не в динамике 2022-2026 гг )
A12: 3 | B12: ЗАТО Светлый | C12: Опубликован и содержит информацию по пяти и более ключевым элементам | E12: =IF(C12=$C$5,3,(IF(C12=$C$6,2,(IF(C12=$C$7,1,0))))) -> 2 | H12: =E12*(1-F12)*(1-G12) -> 2 | I12: https://zatosvetly.gosuslugi.ru/upr-finansov/biudzhet/budzhetdlyadgr/dokumenty_745.html | J12: Обратите внимание: по предоставленной ссылке https://zatosvetly.ru/city/economics_amp_finance/byudzhet-gorodskogo-okruga/byudzhet-dlya-grazhdan/index.php?ELEMENT_ID=23784 при переходе по заголовку «Ознакомиться» выход ошибка «Страница не найдена (ошибка 404)» . БдГ найден по другой ссылке. Пункт 4 не соответствует (не по всем муниципальным программам данные представлены в динамике2022-2026 гг)
A13: 4 | B13: г. Шиханы | C13: Опубликован и содержит информацию по пяти и более ключевым элементам | E13: =IF(C13=$C$5,3,(IF(C13=$C$6,2,(IF(C13=$C$7,1,0))))) -> 2 | G13: 0.5 | H13: =E13*(1-F13)*(1-G13) -> 1 | I13: http://zatoshihany.ru/budget/byudzhet-dlya-grazhdan/ | J13: Бюджет для граждан, разработанный на основе проекта решения о бюджете муниципального образования, должен быть опубликован не позднее даты внесения проекта решения о бюджете муниципального образования в представительный орган (дата последнего изменения в брошюре - 13.12.2023, а дата постановления №400 Администрации МО г. Шиханы «О проекте бюджета на 2024 год…» - 02.11.2023 ). Отсутствует п.5.
B14: Муниципальные районы
A15: 5 | B15: Александрово-Гайский | C15: Опубликован и содержит информацию по трем и более ключевым элементам | E15: =IF(C15=$C$5,3,(IF(C15=$C$6,2,(IF(C15=$C$7,1,0))))) -> 1 | G15: 0.5 | H15: =E15*(1-F15)*(1-G15) -> 0.5 | I15: http://algay.sarmo.ru/byudzhet-ekonomika-finansy/byudzhet-dokumenty.php | J15: Бюджет для граждан, разработанный на основе проекта решения о бюджете муниципального образования, должен быть опубликован не позднее даты внесения проекта решения о бюджете муниципального образования в представительный орган (дата последнего изменения в брошюре - 29.12.2023, а дата решения № 147 «О проекте бюджета Александрово-Гайского муниципального района на 2024 год и плановый период 2025 и 2026 годов» - 15.11.2023 ). Отсутствует п.5, пункт 1 не соответствует (отсутствуют показатели, характеризующие объем производства и состав населения в динамике), пункт 4 не соответствует (сведения о целевых показателях по муниципальным программам представлены не в динамике 2022-2026 гг )
A16: 6 | B16: Аркадакский | C16: Опубликован и содержит информацию по всем ключевым элементам | D16: больше 6 кликов, рекомендовано добавить на главной странице быструю ссылку на раздел «Бюджет» | E16: =IF(C16=$C$5,3,(IF(C16=$C$6,2,(IF(C16=$C$7,1,0))))) -> 3 | F16: 0.5 | H16: =E16*(1-F16)*(1-G16) -> 1.5 | I16: https://arkadak.gosuslugi.ru/ofitsialno/statistika/byudzhet-dlya-grazhdan/reshenie-o-byudzhete/byudzhet-2024-2026/
A17: 7 | B17: Аткарский | C17: Опубликован и содержит информацию по всем ключевым элементам | E17: =IF(C17=$C$5,3,(IF(C17=$C$6,2,(IF(C17=$C$7,1,0))))) -> 3 | H17: =E17*(1-F17)*(1-G17) -> 3 | I17: https://atkarsk.moyaokruga.ru/CityArticles.aspx?articleid=20420
A18: 8 | B18: Базарно-Карабулакский | C18: Опубликован и содержит информацию по всем ключевым элементам | E18: =IF(C18=$C$5,3,(IF(C18=$C$6,2,(IF(C18=$C$7,1,0))))) -> 3 | H18: =E18*(1-F18)*(1-G18) -> 3 | I18: https://admbk.ru/administration/finansovoe-upravlenie/byudzhet/byudzhet-dlya-grazhdan-rayona/
A19: 9 | B19: Балаковский | C19: Опубликован и содержит информацию по всем ключевым элементам | E19: =IF(C19=$C$5,3,(IF(C19=$C$6,2,(IF(C19=$C$7,1,0))))) -> 3 | H19: =E19*(1-F19)*(1-G19) -> 3 | I19: http://balkomfin.ru/
A20: 10 | B20: Балашовский | C20: Опубликован и содержит информацию по всем ключевым элементам | E20: =IF(C20=$C$5,3,(IF(C20=$C$6,2,(IF(C20=$C$7,1,0))))) -> 3 | H20: =E20*(1-F20)*(1-G20) -> 3 | I20: http://baladmin.ru/administration/divisions-structure/finance/otkritiy-byudzhet.php
A21: 11 | B21: Балтайский | C21: Опубликован и содержит информацию по пяти и более ключевым элементам | E21: =IF(C21=$C$5,3,(IF(C21=$C$6,2,(IF(C21=$C$7,1,0))))) -> 2 | H21: =E21*(1-F21)*(1-G21) -> 2 | I21: http://adm-baltay.ru/finansovoe-upravlenie/proekt-mestnogo-byudzheta-baltajskogo-municzipalnogo-rajona-na-2024-god-i-na-planovyj-period-2025-2026-godov/ | J21: Пункт 4 не соответствует (сведения о целевых показателях по муниципальным программам представлены не в динамике 2022-2026 гг )
A22: 12 | B22: Вольский | C22: Не опубликован или содержит информацию менее чем по трем ключевым элементам | E22: =IF(C22=$C$5,3,(IF(C22=$C$6,2,(IF(C22=$C$7,1,0))))) -> 0 | H22: =E22*(1-F22)*(1-G22) -> 0 | I22: http://вольск.рф | J22: Ссылка на страницу, где размещен оцениваемый документ, не была предоставлена. Оцениваемая информация на сайте не найдена.
A23: 13 | B23: Воскресенский | C23: Не опубликован или содержит информацию менее чем по трем ключевым элементам | E23: =IF(C23=$C$5,3,(IF(C23=$C$6,2,(IF(C23=$C$7,1,0))))) -> 0 | H23: =E23*(1-F23)*(1-G23) -> 0 | I23: https://voskresensk64.ru/administration/statistics/Budget%20for%20citizens/#9167936964857 | J23: По предоставленной ссылке и на сайте бюджет для граждан, разработанный на основе проекта решения о бюджете муниципального образования, не найден.
A24: 14 | B24: Дергачевский | C24: Опубликован и содержит информацию по пяти и более ключевым элементам | E24: =IF(C24=$C$5,3,(IF(C24=$C$6,2,(IF(C24=$C$7,1,0))))) -> 2 | H24: =E24*(1-F24)*(1-G24) -> 2 | I24: http://dergachi.sarmo.ru/byudzhet-dlya-grazhdan/ | J24: Пункт 3 не соответствует (сведения о расходах бюджета муниципального образования представлены по разделам без деления на подразделы классификации расходов бюджета)
A25: 15 | B25: Духовницкий | C25: Опубликован и содержит информацию по пяти и более ключевым элементам | E25: =IF(C25=$C$5,3,(IF(C25=$C$6,2,(IF(C25=$C$7,1,0))))) -> 2 | G25: 0.5 | H25: =E25*(1-F25)*(1-G25) -> 1 | I25: http://duhovnitskoe.sarmo.ru/byudzhet-dlya-grazhdan/byudzhet-dlya-grazhdan/ | J25: Бюджет для граждан, разработанный на основе проекта решения о бюджете муниципального образования, должен быть опубликован не позднее даты внесения проекта решения о бюджете муниципального образования в представительный орган (дата последнего изменения в брошюре - 15.12.2023, а дата решения № 4/26 «О проекте решения районного Собрания Духовницкого муниципального района «О бюджете Духовницкого муниципального района на 2024 год и на плановый период 2025 и 2026 годов» - 30.11.2023 ). Пункт 4 не соответствует (не по всем муниципальным программам сведения о целевых показателях представлены в динамике 2022-2026 гг )
A26: 16 | B26: Екатериновский | C26: Опубликован и содержит информацию по трем и более ключевым элементам | E26: =IF(C26=$C$5,3,(IF(C26=$C$6,2,(IF(C26=$C$7,1,0))))) -> 1 | H26: =E26*(1-F26)*(1-G26) -> 1 | I26: http://ekaterinovka.sarmo.ru/byudzhet-dlya-grazhdan/ | J26: Отсутствуют пункты 5-7, пункт 4 не соответствует (не по всем муниципальным программам сведения о целевых показателях представлены в динамике 2022-2026 гг )
A27: 17 | B27: Ершовский | C27: Опубликован и содержит информацию по пяти и более ключевым элементам | E27: =IF(C27=$C$5,3,(IF(C27=$C$6,2,(IF(C27=$C$7,1,0))))) -> 2 | H27: =E27*(1-F27)*(1-G27) -> 2 | I27: https://adminemr.ru/byudzhet-i-finansy/byudzhet-dlya-grazhdan/ | J27: Пункт 4 не соответствует (сведения о целевых показателях по муниципальным программам представлены не в динамике 2022-2026 гг ), пункт 6 не соответствует (сведения представлены не в динамике 2022-2026 гг )
A28: 18 | B28: Ивантеевский | C28: Опубликован и содержит информацию по всем ключевым элементам | E28: =IF(C28=$C$5,3,(IF(C28=$C$6,2,(IF(C28=$C$7,1,0))))) -> 3 | H28: =E28*(1-F28)*(1-G28) -> 3 | I28: http://ivanteevka.sarmo.ru/byudzhet-dlya-grazhdan/byudzhet-dlya-grazhdan/2024/
A29: 19 | B29: Калининский | C29: Опубликован и содержит информацию по всем ключевым элементам | E29: =IF(C29=$C$5,3,(IF(C29=$C$6,2,(IF(C29=$C$7,1,0))))) -> 3 | H29: =E29*(1-F29)*(1-G29) -> 3 | I29: http://kalininsk.sarmo.ru/otkrytyybyudzhet/byudzhet-dlya-grazhdan/byudzhet-dlya-grazhdan-2024.php
A30: 20 | B30: Красноармейский | C30: Не опубликован или содержит информацию менее чем по трем ключевым элементам | E30: =IF(C30=$C$5,3,(IF(C30=$C$6,2,(IF(C30=$C$7,1,0))))) -> 0 | H30: =E30*(1-F30)*(1-G30) -> 0 | I30: https://krasnoarmeysk64.ru/krasnoarmeyskiy-rayon/byudzhet/byudzhet-dlya-grazhdan/ | J30: Отсутствует пункт 5, пункт 2,3,4 и 6 не соответствуют (показатели представлены не в динамике 2022-2026 гг)
A31: 21 | B31: Краснокутский | C31: Опубликован и содержит информацию по трем и более ключевым элементам | E31: =IF(C31=$C$5,3,(IF(C31=$C$6,2,(IF(C31=$C$7,1,0))))) -> 1 | H31: =E31*(1-F31)*(1-G31) -> 1 | I31: https://krasny-kut.ru/finansy/novosti/ | J31: Пункт 4 не соотвествует (сведения о расходах бюджета муниципального образования на реализацию муниципальных программ и целевые показатели не представлена в динамике 2022-2026 гг), пункт 5 не соответствует (информация о социально-значимых проектах, предусмотренных к финансированию за счет бюджета муниципального образования, не представлена в динамике 2022-2026 гг), пункт 6 не соответствует (данные не представлены в динамике 2022-2026 годов).
A32: 22 | B32: Краснопартизанский | C32: Опубликован и содержит информацию по пяти и более ключевым элементам | E32: =IF(C32=$C$5,3,(IF(C32=$C$6,2,(IF(C32=$C$7,1,0))))) -> 2 | H32: =E32*(1-F32)*(1-G32) -> 2 | I32: https://adminkmr.ru/byudzhet/byudzhet-dlya-grazhdan/ | J32: Отсутствует пункт 5
A33: 23 | B33: Лысогорский | C33: Опубликован и содержит информацию по трем и более ключевым элементам | D33: Заголовок страницы «Бюджет для граждан к проекту бюджета Лысогорского муниципального района на 2023 год и плановый период 2024 и 2025 годов», при этом файл прикреплен БдГ 2024-2026 | E33: =IF(C33=$C$5,3,(IF(C33=$C$6,2,(IF(C33=$C$7,1,0))))) -> 1 | F33: 0.5 | H33: =E33*(1-F33)*(1-G33) -> 0.5 | I33: https://adm.lysyegory.ru/base/14157-byudzhet-dlja-grazhdan-k-proektu-byudzheta-lysogorskogo-municipalnogo-raiona-na-2023-god-i-pla.html | J33: Отсутствуют пункты 5 и 6, пункт 4 не соотвествует (отсутствуют целевые показатели в динамике 2022-2026 гг по каждой муниципальной программе)
A34: 24 | B34: Марксовский | C34: Опубликован и содержит информацию по всем ключевым элементам | E34: =IF(C34=$C$5,3,(IF(C34=$C$6,2,(IF(C34=$C$7,1,0))))) -> 3 | H34: =E34*(1-F34)*(1-G34) -> 3 | I34: https://marksadm.ru/bdg-kf.html
A35: 25 | B35: Новобурасский | C35: Опубликован и содержит информацию по всем ключевым элементам | E35: =IF(C35=$C$5,3,(IF(C35=$C$6,2,(IF(C35=$C$7,1,0))))) -> 3 | H35: =E35*(1-F35)*(1-G35) -> 3 | I35: http://www.nbfin.ru/byudzhet_dlya_grazhdan1/novoburasskij_municipal_nyj_rajon/2024_god/
A36: 26 | B36: Новоузенский | C36: Опубликован и содержит информацию по всем ключевым элементам | E36: =IF(C36=$C$5,3,(IF(C36=$C$6,2,(IF(C36=$C$7,1,0))))) -> 3 | G36: 0.5 | H36: =E36*(1-F36)*(1-G36) -> 1.5 | I36: https://novouzensk.gosuslugi.ru/ofitsialno/dokumenty/dokumenty-all_195.html | J36: Бюджет для граждан, разработанный на основе проекта решения о бюджете муниципального образования, должен быть опубликован не позднее даты внесения проекта решения о бюджете муниципального образования в представительный орган (дата публикации брошюры - 21.12.2023, а дата решения о проекте бюджета Собранием вынесено 30.11.2023).
A37: 27 | B37: Озинский | C37: Опубликован и содержит информацию по всем ключевым элементам | E37: =IF(C37=$C$5,3,(IF(C37=$C$6,2,(IF(C37=$C$7,1,0))))) -> 3 | H37: =E37*(1-F37)*(1-G37) -> 3 | I37: http://ozinki.sarmo.ru/byudzhet/byudzhet-dlya-grazhdan.php?ELEMENT_ID=9569
A38: 28 | B38: Перелюбский | C38: Опубликован и содержит информацию по всем ключевым элементам | E38: =IF(C38=$C$5,3,(IF(C38=$C$6,2,(IF(C38=$C$7,1,0))))) -> 3 | H38: =E38*(1-F38)*(1-G38) -> 3 | I38: https://www.перелюбский.рф/dokumenty/byudzhet-dlya-grazhdan/
A39: 29 | B39: Петровский | C39: Опубликован и содержит информацию по всем ключевым элементам | E39: =IF(C39=$C$5,3,(IF(C39=$C$6,2,(IF(C39=$C$7,1,0))))) -> 3 | H39: =E39*(1-F39)*(1-G39) -> 3 | I39: https://petrovsk64.gosuslugi.ru/ofitsialno/struktura/munitsipalnye-podvedomstvennye-organizatsii/fin-upr/byudzhet-munitsipalnogo-rayona/dokumenty_15999.html
A40: 30 | B40: Питерский | C40: Опубликован и содержит информацию по пяти и более ключевым элементам | E40: =IF(C40=$C$5,3,(IF(C40=$C$6,2,(IF(C40=$C$7,1,0))))) -> 2 | H40: =E40*(1-F40)*(1-G40) -> 2 | I40: https://питерка.рф/ekonomika-i-byudzhet/byudzhet-piterskogo-mr/byudzhet-dlya-grazhdan/byudzhet-dlya-grazhdan-2024-god-i-planovyy-period-2025-2026-godov/ | J40: Пункт 4 не соотвествует (отсутствуют целевые показатели в динамике 2022-2026 гг по каждой муниципальной программе), пункт 6 (отсутствует информация по 2025-2026 гг)
A41: 31 | B41: Пугачевский | C41: Опубликован и содержит информацию по всем ключевым элементам | E41: =IF(C41=$C$5,3,(IF(C41=$C$6,2,(IF(C41=$C$7,1,0))))) -> 3 | H41: =E41*(1-F41)*(1-G41) -> 3 | I41: https://pugachev-adm.gosuslugi.ru/ofitsialno/byudzhet-rayona/byudzhet-dlya-grazhdan/2024-god/
A42: 32 | B42: Ровенский | C42: Опубликован и содержит информацию по всем ключевым элементам | E42: =IF(C42=$C$5,3,(IF(C42=$C$6,2,(IF(C42=$C$7,1,0))))) -> 3 | H42: =E42*(1-F42)*(1-G42) -> 3 | I42: http://rovnoe.sarmo.ru/byudzhet/byudzhet-dlyagrazhdan/
A43: 33 | B43: Романовский | C43: Опубликован и содержит информацию по всем ключевым элементам | E43: =IF(C43=$C$5,3,(IF(C43=$C$6,2,(IF(C43=$C$7,1,0))))) -> 3 | H43: =E43*(1-F43)*(1-G43) -> 3 | I43: http://romanovka.sarmo.ru/byudzhet-dlya-grazhdan/byudzhet-romanovskogo-munitsipalnogo-rayona/byudzhet-dlya-grazhdan.php
A44: 34 | B44: Ртищевский | C44: Опубликован и содержит информацию по всем ключевым элементам | E44: =IF(C44=$C$5,3,(IF(C44=$C$6,2,(IF(C44=$C$7,1,0))))) -> 3 | H44: =E44*(1-F44)*(1-G44) -> 3 | I44: http://rtishevo.sarmo.ru/finansovyy-organ/rtishchevskiy-munitsipalnyy-rayon/2024-god/byudzhet-dlya-grazhdan.php
A45: 35 | B45: Самойловский | C45: Не опубликован или содержит информацию менее чем по трем ключевым элементам | E45: =IF(C45=$C$5,3,(IF(C45=$C$6,2,(IF(C45=$C$7,1,0))))) -> 0 | H45: =E45*(1-F45)*(1-G45) -> 0 | I45: https://sam64.ru/ekonomika-i-byudzhet/byudzhet/byudzhet-dlya-grazhdan/ | J45: По предоставленной ссылке и на сайте бюджет для граждан, разработанный на основе проекта решения о бюджете муниципального образования, не найден.
A46: 36 | B46: Советский | C46: Опубликован и содержит информацию по всем ключевым элементам | E46: =IF(C46=$C$5,3,(IF(C46=$C$6,2,(IF(C46=$C$7,1,0))))) -> 3 | H46: =E46*(1-F46)*(1-G46) -> 3 | I46: https://stepnoe-adm.ru/administration/use-budget-funds/byudzhet-dlya-grazhdan/ | J46: Пункт 4 не соотвествует (отсутствуют целевые показатели в динамике 2022-2026 гг по каждой муниципальной программе),
A47: 37 | B47: Татищевский | C47: Не опубликован или содержит информацию менее чем по трем ключевым элементам | E47: =IF(C47=$C$5,3,(IF(C47=$C$6,2,(IF(C47=$C$7,1,0))))) -> 0 | H47: =E47*(1-F47)*(1-G47) -> 0 | I47: http://tatishevo.saratov.gov.ru/index.php?option=com_content&view=article&id=Itemid=1827 | J47: Обратите внимание, необходимо указывать прямую ссылку на страницу, где размещен оцениваемый документ. Бюджет для граждан, разработанный на основе проекта решения о бюджете муниципального образования, на сайте не найден (к заголовку Бюджет для граждан на 2024-2026 годы (проект) прикреплен БдГ по принятому решению)
A48: 38 | B48: Турковский | C48: Опубликован и содержит информацию по всем ключевым элементам | E48: =IF(C48=$C$5,3,(IF(C48=$C$6,2,(IF(C48=$C$7,1,0))))) -> 3 | H48: =E48*(1-F48)*(1-G48) -> 3 | I48: https://turkovskoe-r64.gosweb.gosuslugi.ru/deyatelnost/napravleniya-deyatelnosti/otkrytyy-byudzhet/byudzhet-dlya-grazhdan/dokumenty_1024.html
A49: 39 | B49: Федоровский | C49: Опубликован и содержит информацию по всем ключевым элементам | E49: =IF(C49=$C$5,3,(IF(C49=$C$6,2,(IF(C49=$C$7,1,0))))) -> 3 | H49: =E49*(1-F49)*(1-G49) -> 3 | I49: http://fedormr.ru/byudzhet/byudzhet2024.php
A50: 40 | B50: Хвалынский | C50: Опубликован и содержит информацию по пяти и более ключевым элементам | E50: =IF(C50=$C$5,3,(IF(C50=$C$6,2,(IF(C50=$C$7,1,0))))) -> 2 | H50: =E50*(1-F50)*(1-G50) -> 2 | I50: http://hvalynsk.sarmo.ru/administratsiya-khvalynskogo-munitsipalnogo-rayona/byudzhet/byudzhet-dlya-grazhdan.php | J50: Отсутствует пункт 5.
A51: 41 | B51: Энгельсский | C51: Опубликован и содержит информацию по всем ключевым элементам | E51: =IF(C51=$C$5,3,(IF(C51=$C$6,2,(IF(C51=$C$7,1,0))))) -> 3 | H51: =E51*(1-F51)*(1-G51) -> 3 | I51: www.engels-city.ru/byudzhet-dlya-grazhdan

Sheet Показатель 9.1
A1: 9.1. Информационное сообщение для граждан о проведении публичных слушаний по проекту решения о бюджете муниципального образования на очередной финансовый год (очередной финансовый год и плановый период) на портале (сайте)
A2: Комментарий:
A3: ='Методика IV этап'!B19 -> В составе информационных сообщений о проведении публичных слушаний в обязательном порядке должны быть указаны дата, время, место и порядок их проведения и определения результата. Если указанные сведения представлены частично, оценка показателя принимает значение 0 баллов. В случае, если в установленный срок в информационном сообщении ссылка (адрес) на раздел (страницу) портала (сайта), где опубликованы указанные материалы, отсутствует, а также если по указанной ссылке (адресу) проект решения о бюджете муниципального образования на очередной финансовый год (очередной финансовый год и плановый период) не опубликован, оценка показателя принимает значение 0 баллов. Информационное сообщение о проведении публичных слушаний по проекту решения о бюджете должно быть опубликовано не позднее, чем за пять рабочих дней до дня проведения публичных слушаний и сохраняться до принятия решения об исполнении бюджета. При нарушении указанного срока применяется понижающий коэффициент за несоблюдение сроков обеспечения доступа к бюджетным данным. В случае, если информационное сообщение о проведении публичных слушаний опубликовано в день их проведения или позднее, оценка показателя принимает значение 0 баллов.
A4: № п/п | B4: Вопрос | C4: ='Методика IV этап'!B18 -> Опубликование информационного сообщения для граждан о проведении публичных слушаний по проекту решения о бюджете муниципального образования на очередной финансовый год (очередной финансовый год и плановый период) на портале (сайте) | D4: Доступность (указать, если возникли трудности с поиском документа, если переход осуществляется более, чем за 5 «кликов» с основной страницы портала (сайта), если название раздела не соответствует содержанию) | E4: Оценка показателя 9.1 | I4: Ссылка на источник данных | J4: Комментарии
B5: Варианты ответов | C5: ='Методика IV этап'!B20 -> Опубликовано и содержит информацию о том, где можно ознакомиться с проектом решения о бюджете муниципального образования на очередной финансовый год (очередной финансовый год и плановый период) | E5: баллы | F5: понижающие коэффициенты | H5: Итого
C6: ='Методика IV этап'!B21 -> Не опубликовано, или публичные слушания не проводились, или не отвечает требованиям | F6: затруднен-ный поиск | G6: несоблюде-ние сроков
B7: Городские округа
A8: 1 | B8: г. Саратов | C8: Опубликовано и содержит информацию о том, где можно ознакомиться с проектом решения о бюджете муниципального образования на очередной финансовый год (очередной финансовый год и плановый период) | E8: =IF(C8=$C$5,1,0) -> 1 | H8: =E8*(1-F8)*(1-G8) -> 1 | I8: http://saratovmer.ru/news/2023/10/27/82054.html
A9: 2 | B9: п. Михайловское | C9: Опубликовано и содержит информацию о том, где можно ознакомиться с проектом решения о бюджете муниципального образования на очередной финансовый год (очередной финансовый год и плановый период) | E9: =IF(C9=$C$5,1,0) -> 1 | H9: =E9*(1-F9)*(1-G9) -> 1 | I9: http://mihailovski.ru/news/obyavlenie2912/
A10: 3 | B10: ЗАТО Светлый | C10: Опубликовано и содержит информацию о том, где можно ознакомиться с проектом решения о бюджете муниципального образования на очередной финансовый год (очередной финансовый год и плановый период) | E10: =IF(C10=$C$5,1,0) -> 1 | H10: =E10*(1-F10)*(1-G10) -> 1 | I10: https://zatosvetly.ru/about/info/news/23875/
A11: 4 | B11: г. Шиханы | C11: Не опубликовано, или публичные слушания не проводились, или не отвечает требованиям | E11: =IF(C11=$C$5,1,0) -> 0 | H11: =E11*(1-F11)*(1-G11) -> 0 | I11: http://zatoshihany.ru/about/info/anounces/5377/ | J11: В составе информационных сообщений о проведении публичных слушаний в обязательном порядке должны быть указаны дата, время, место и порядок их проведения и определения результата.
B12: Муниципальные районы
A13: 5 | B13: Александрово-Гайский | C13: Опубликовано и содержит информацию о том, где можно ознакомиться с проектом решения о бюджете муниципального образования на очередной финансовый год (очередной финансовый год и плановый период) | E13: =IF(C13=$C$5,1,0) -> 1 | H13: =E13*(1-F13)*(1-G13) -> 1 | I13: http://algay.sarmo.ru/?ELEMENT_ID=10231
A14: 6 | B14: Аркадакский | C14: Опубликовано и содержит информацию о том, где можно ознакомиться с проектом решения о бюджете муниципального образования на очередной финансовый год (очередной финансовый год и плановый период) | E14: =IF(C14=$C$5,1,0) -> 1 | H14: =E14*(1-F14)*(1-G14) -> 1 | I14: https://arkadak.gosuslugi.ru/dlya-zhiteley/novosti-i-reportazhi/novosti_535.html
A15: 7 | B15: Аткарский | C15: Опубликовано и содержит информацию о том, где можно ознакомиться с проектом решения о бюджете муниципального образования на очередной финансовый год (очередной финансовый год и плановый период) | E15: =IF(C15=$C$5,1,0) -> 1 | H15: =E15*(1-F15)*(1-G15) -> 1 | I15: https://atkarsk.moyaokruga.ru/CityArticles.aspx?articleid=20599
A16: 8 | B16: Базарно-Карабулакский | C16: Опубликовано и содержит информацию о том, где можно ознакомиться с проектом решения о бюджете муниципального образования на очередной финансовый год (очередной финансовый год и плановый период) | E16: =IF(C16=$C$5,1,0) -> 1 | H16: =E16*(1-F16)*(1-G16) -> 1 | I16: https://admbk.ru/news/provodyatsya-publichnye-slushaniya-po-proektu-resheniya-sobraniya-bazarno-karabulakskogo-munitsipaln2/
A17: 9 | B17: Балаковский | C17: Опубликовано и содержит информацию о том, где можно ознакомиться с проектом решения о бюджете муниципального образования на очередной финансовый год (очередной финансовый год и плановый период) | E17: =IF(C17=$C$5,1,0) -> 1 | H17: =E17*(1-F17)*(1-G17) -> 1 | I17: https://www.admbal.ru/news/informatsiya-o-provedenii-publichnykh-slushaniy-po-proektu-resheniya-sobraniya-bmr-o-rayonnom-byudzh/
A18: 10 | B18: Балашовский | C18: Опубликовано и содержит информацию о том, где можно ознакомиться с проектом решения о бюджете муниципального образования на очередной финансовый год (очередной финансовый год и плановый период) | E18: =IF(C18=$C$5,1,0) -> 1 | H18: =E18*(1-F18)*(1-G18) -> 1 | I18: http://baladmin.ru/news/29947/
A19: 11 | B19: Балтайский | C19: Не опубликовано, или публичные слушания не проводились, или не отвечает требованиям | E19: =IF(C19=$C$5,1,0) -> 0 | H19: =E19*(1-F19)*(1-G19) -> 0 | I19: http://adm-baltay.ru/informacziya-o-provedenii-publichnyh-slushanij-po-proektu-o-mestnom-byudzhete-na-2024-god/ | J19: В составе информационных сообщений о проведении публичных слушаний в обязательном порядке должны быть указаны дата, время, место и порядок их проведения и определения результата.
A20: 12 | B20: Вольский | C20: Опубликовано и содержит информацию о том, где можно ознакомиться с проектом решения о бюджете муниципального образования на очередной финансовый год (очередной финансовый год и плановый период) | E20: =IF(C20=$C$5,1,0) -> 1 | H20: =E20*(1-F20)*(1-G20) -> 1 | I20: http://вольск.рф
A21: 13 | B21: Воскресенский | C21: Не опубликовано, или публичные слушания не проводились, или не отвечает требованиям | E21: =IF(C21=$C$5,1,0) -> 0 | H21: =E21*(1-F21)*(1-G21) -> 0 | J21: Информационное сообщение о публичных слушаниях по проекту бюджета 2024-2026 на сайте не найдено.
A22: 14 | B22: Дергачевский | C22: Не опубликовано, или публичные слушания не проводились, или не отвечает требованиям | E22: =IF(C22=$C$5,1,0) -> 0 | H22: =E22*(1-F22)*(1-G22) -> 0 | I22: http://dergachi.sarmo.ru/novosti/?bxrand=1534464000010&PAGEN_1=7 | J22: В составе информационных сообщений о проведении публичных слушаний в обязательном порядке должны быть указаны дата, время, место и порядок их проведения и определения результата, а так же ссылка на документ, по которому проводятся публичные слушания.
A23: 15 | B23: Духовницкий | C23: Опубликовано и содержит информацию о том, где можно ознакомиться с проектом решения о бюджете муниципального образования на очередной финансовый год (очередной финансовый год и плановый период) | E23: =IF(C23=$C$5,1,0) -> 1 | H23: =E23*(1-F23)*(1-G23) -> 1 | I23: http://duhovnitskoe.sarmo.ru/novosti/14536/
A24: 16 | B24: Екатериновский | C24: Опубликовано и содержит информацию о том, где можно ознакомиться с проектом решения о бюджете муниципального образования на очередной финансовый год (очередной финансовый год и плановый период) | E24: =IF(C24=$C$5,1,0) -> 1 | H24: =E24*(1-F24)*(1-G24) -> 1 | I24: http://ekaterinovka.sarmo.ru/administratsiya-rayona/2023-god-publichnye-slushaniya.php
A25: 17 | B25: Ершовский | C25: Не опубликовано, или публичные слушания не проводились, или не отвечает требованиям | E25: =IF(C25=$C$5,1,0) -> 0 | H25: =E25*(1-F25)*(1-G25) -> 0 | I25: https://adminemr.ru/byudzhet-i-finansy/obshchestvennoe-uchastie/ | J25: В составе информационных сообщений о проведении публичных слушаний в обязательном порядке должны быть указаны дата, время, место и порядок их проведения и определения результата, а также ссылка на раздел портала, где можно ознакомиться с проектом решения о бюджете на очередной финансовый год.
A26: 18 | B26: Ивантеевский | C26: Опубликовано и содержит информацию о том, где можно ознакомиться с проектом решения о бюджете муниципального образования на очередной финансовый год (очередной финансовый год и плановый период) | E26: =IF(C26=$C$5,1,0) -> 1 | H26: =E26*(1-F26)*(1-G26) -> 1 | I26: http://ivanteevka.sarmo.ru/novyy-razdel/?ELEMENT_ID=12462
A27: 19 | B27: Калининский | C27: Опубликовано и содержит информацию о том, где можно ознакомиться с проектом решения о бюджете муниципального образования на очередной финансовый год (очередной финансовый год и плановый период) | E27: =IF(C27=$C$5,1,0) -> 1 | H27: =E27*(1-F27)*(1-G27) -> 1 | I27: http://kalininsk.sarmo.ru/novosti/?ELEMENT_ID=23228
A28: 20 | B28: Красноармейский | C28: Не опубликовано, или публичные слушания не проводились, или не отвечает требованиям | E28: =IF(C28=$C$5,1,0) -> 0 | H28: =E28*(1-F28)*(1-G28) -> 0 | I28: https://krasnoarmeysk64.ru/predstavitelnyy-organ/resheniya-sobraniya-deputatov/ | J28: По предоставленной ссылке и на сайте информационное сообщение отсутствует.
A29: 21 | B29: Краснокутский | C29: Опубликовано и содержит информацию о том, где можно ознакомиться с проектом решения о бюджете муниципального образования на очередной финансовый год (очередной финансовый год и плановый период) | E29: =IF(C29=$C$5,1,0) -> 1 | H29: =E29*(1-F29)*(1-G29) -> 1 | I29: https://krasny-kut.ru/finansy/novosti/
A30: 22 | B30: Краснопартизанский | C30: Опубликовано и содержит информацию о том, где можно ознакомиться с проектом решения о бюджете муниципального образования на очередной финансовый год (очередной финансовый год и плановый период) | D30: раздел «Бюджет муниципального района» | E30: =IF(C30=$C$5,1,0) -> 1 | H30: =E30*(1-F30)*(1-G30) -> 1 | I30: https://adminkmr.ru/byudzhet/byudzhet-munitsipalnogo-rayona/byudzhet-rayona-2024.php | J30: Для увеличения вероятности просмотра информационного сообщения для граждан о проведении публичных слушаний по проекту решения о бюджете на 2024 год на портале (сайте) предпочтительным для публикации считается раздел «Новости муниципального района» (обязательно со ссылкой на страницу, где можно ознакомиться с проектом решения).
A31: 23 | B31: Лысогорский | C31: Не опубликовано, или публичные слушания не проводились, или не отвечает требованиям | E31: =IF(C31=$C$5,1,0) -> 0 | H31: =E31*(1-F31)*(1-G31) -> 0 | I31: https://adm.lysyegory.ru/base/14262-v-administracii-raiona-proidut-publichnye-slushanija.html | J31: В составе информационных сообщений о проведении публичных слушаний в обязательном порядке должны быть указаны дата, время, место и порядок их проведения и определения результата, а также ссылка на раздел портала, где можно ознакомиться с проектом решения о бюджете на очередной финансовый год.
A32: 24 | B32: Марксовский | C32: Опубликовано и содержит информацию о том, где можно ознакомиться с проектом решения о бюджете муниципального образования на очередной финансовый год (очередной финансовый год и плановый период) | E32: =IF(C32=$C$5,1,0) -> 1 | H32: =E32*(1-F32)*(1-G32) -> 1 | I32: https://marksadm.ru/news/13417-publichnye-slushaniya.html
A33: 25 | B33: Новобурасский | C33: Опубликовано и содержит информацию о том, где можно ознакомиться с проектом решения о бюджете муниципального образования на очередной финансовый год (очередной финансовый год и плановый период) | E33: =IF(C33=$C$5,1,0) -> 1 | H33: =E33*(1-F33)*(1-G33) -> 1 | I33: http://www.nbfin.ru/allnews/publichnye_slushaniya_po_proektu_byudzheta_novoburasskogo_municipal_nogo_rajona_saratovskoj_oblasti_na_2024_god_i_na_planovyj_pe/
A34: 26 | B34: Новоузенский | C34: Опубликовано и содержит информацию о том, где можно ознакомиться с проектом решения о бюджете муниципального образования на очередной финансовый год (очередной финансовый год и плановый период) | E34: =IF(C34=$C$5,1,0) -> 1 | H34: =E34*(1-F34)*(1-G34) -> 1 | I34: https://novouzensk.gosuslugi.ru/dlya-zhiteley/novosti-i-reportazhi/novosti_484.html
A35: 27 | B35: Озинский | C35: Опубликовано и содержит информацию о том, где можно ознакомиться с проектом решения о бюджете муниципального образования на очередной финансовый год (очередной финансовый год и плановый период) | E35: =IF(C35=$C$5,1,0) -> 1 | H35: =E35*(1-F35)*(1-G35) -> 1 | I35: http://ozinki.sarmo.ru/byudzhet/byudzhet-munitsipalnogo-rayona.php?ELEMENT_ID=9406 | J35: Для увеличения вероятности просмотра информационного сообщения для граждан о проведении публичных слушаний по проекту решения о бюджете на очередной финансовый год на портале (сайте) предпочтительным для публикации считается раздел «Новости муниципального района» (обязательно со ссылкой на страницу, где можно ознакомиться с проектом решения)
A36: 28 | B36: Перелюбский | C36: Не опубликовано, или публичные слушания не проводились, или не отвечает требованиям | D36: Затруднен поиск информационного сообщения в разделе «Информация населению» , поскольку в ленте информации не указывается дата публикации. | E36: =IF(C36=$C$5,1,0) -> 0 | H36: =E36*(1-F36)*(1-G36) -> 0 | I36: https://www.перелюбский.рф/informatsiya-dlya-naseleniya/?PAGEN_1=2 | J36: В составе информационных сообщений о проведении публичных слушаний в обязательном порядке должны быть указаны дата, время, место и порядок их проведения и определения результата, а также ссылка на раздел портала, где можно ознакомиться с проектом решения о бюджете на очередной финансовый год.
A37: 29 | B37: Петровский | C37: Опубликовано и содержит информацию о том, где можно ознакомиться с проектом решения о бюджете муниципального образования на очередной финансовый год (очередной финансовый год и плановый период) | E37: =IF(C37=$C$5,1,0) -> 1 | H37: =E37*(1-F37)*(1-G37) -> 1 | I37: https://petrovsk64.ru/novosti/rayon/31132/
A38: 30 | B38: Питерский | C38: Опубликовано и содержит информацию о том, где можно ознакомиться с проектом решения о бюджете муниципального образования на очередной финансовый год (очередной финансовый год и плановый период) | E38: =IF(C38=$C$5,1,0) -> 1 | H38: =E38*(1-F38)*(1-G38) -> 1 | I38: https://питерка.рф/news/informatsionnoe-soobshchenie-o-publichnykh-slushaniyakh-po1511/
A39: 31 | B39: Пугачевский | C39: Опубликовано и содержит информацию о том, где можно ознакомиться с проектом решения о бюджете муниципального образования на очередной финансовый год (очередной финансовый год и плановый период) | E39: =IF(C39=$C$5,1,0) -> 1 | H39: =E39*(1-F39)*(1-G39) -> 1 | I39: https://pugachev-adm.gosuslugi.ru/dlya-zhiteley/novosti/novosti_2165.html
A40: 32 | B40: Ровенский | C40: Опубликовано и содержит информацию о том, где можно ознакомиться с проектом решения о бюджете муниципального образования на очередной финансовый год (очередной финансовый год и плановый период) | E40: =IF(C40=$C$5,1,0) -> 1 | H40: =E40*(1-F40)*(1-G40) -> 1 | I40: http://rovnoe.sarmo.ru/novosti/5194/
A41: 33 | B41: Романовский | C41: Опубликовано и содержит информацию о том, где можно ознакомиться с проектом решения о бюджете муниципального образования на очередной финансовый год (очередной финансовый год и плановый период) | E41: =IF(C41=$C$5,1,0) -> 1 | H41: =E41*(1-F41)*(1-G41) -> 1 | I41: http://romanovka.sarmo.ru/novosti-v-rayone/?ELEMENT_ID=6575
A42: 34 | B42: Ртищевский | C42: Опубликовано и содержит информацию о том, где можно ознакомиться с проектом решения о бюджете муниципального образования на очередной финансовый год (очередной финансовый год и плановый период) | E42: =IF(C42=$C$5,1,0) -> 1 | H42: =E42*(1-F42)*(1-G42) -> 1 | I42: http://rtishevo.sarmo.ru/finansovyy-organ/novosti/
A43: 35 | B43: Самойловский | C43: Опубликовано и содержит информацию о том, где можно ознакомиться с проектом решения о бюджете муниципального образования на очередной финансовый год (очередной финансовый год и плановый период) | E43: =IF(C43=$C$5,1,0) -> 1 | H43: =E43*(1-F43)*(1-G43) -> 1 | I43: https://sam64.ru/news/opoveshchenie-o-n1achale-publichnykh-sl1ushaniy-po-proektu-resheniya-o-byudzhete-samoylovskogo-munitsi/
A44: 36 | B44: Советский | C44: Опубликовано и содержит информацию о том, где можно ознакомиться с проектом решения о бюджете муниципального образования на очередной финансовый год (очередной финансовый год и плановый период) | E44: =IF(C44=$C$5,1,0) -> 1 | H44: =E44*(1-F44)*(1-G44) -> 1 | I44: https://stepnoe-adm.ru/news/o-provedenii-publichnykh-slushaniy/?sphrase_id=55361
A45: 37 | B45: Татищевский | C45: Опубликовано и содержит информацию о том, где можно ознакомиться с проектом решения о бюджете муниципального образования на очередной финансовый год (очередной финансовый год и плановый период) | D45: Раздел «Решения о муниципальном бюджете» | E45: =IF(C45=$C$5,1,0) -> 1 | H45: =E45*(1-F45)*(1-G45) -> 1 | I45: http://tatishevo.saratov.gov.ru/index.php?option=com_content&view=article&id=2666:2016-02-02-08-52-24&catid=64:2009-12-20-17-44-19&Itemid=91 | J45: Для увеличения вероятности просмотра информационного сообщения для граждан о проведении публичных слушаний предпочтительным для публикации считается раздел «Новости муниципального района» на главной странице (обязательно со ссылкой на страницу, где можно ознакомиться с проектом решения).
A46: 38 | B46: Турковский | C46: Опубликовано и содержит информацию о том, где можно ознакомиться с проектом решения о бюджете муниципального образования на очередной финансовый год (очередной финансовый год и плановый период) | D46: Раздел «Публичные слушания» | E46: =IF(C46=$C$5,1,0) -> 1 | H46: =E46*(1-F46)*(1-G46) -> 1 | I46: https://turkovskoe-r64.gosweb.gosuslugi.ru/deyatelnost/napravleniya-deyatelnosti/otkrytyy-byudzhet/obschestvennoe-uchastie/publichnye-slushaniya-po-proektu-resheniya/ | J46: Для увеличения вероятности просмотра информационного сообщения для граждан о проведении публичных слушаний предпочтительным для публикации считается раздел «Новости муниципального района» на главной странице (обязательно со ссылкой на страницу, где можно ознакомиться с проектом решения).
A47: 39 | B47: Федоровский | C47: Опубликовано и содержит информацию о том, где можно ознакомиться с проектом решения о бюджете муниципального образования на очередной финансовый год (очередной финансовый год и плановый период) | E47: =IF(C47=$C$5,1,0) -> 1 | H47: =E47*(1-F47)*(1-G47) -> 1 | I47: http://fedormr.ru/novosti/?ELEMENT_ID=2207
A48: 40 | B48: Хвалынский | C48: Опубликовано и содержит информацию о том, где можно ознакомиться с проектом решения о бюджете муниципального образования на очередной финансовый год (очередной финансовый год и плановый период) | E48: =IF(C48=$C$5,1,0) -> 1 | H48: =E48*(1-F48)*(1-G48) -> 1 | I48: http://hvalynsk.sarmo.ru/administratsiya-khvalynskogo-munitsipalnogo-rayona/byudzhet/novosti/novosti.php
A49: 41 | B49: Энгельсский | C49: Опубликовано и содержит информацию о том, где можно ознакомиться с проектом решения о бюджете муниципального образования на очередной финансовый год (очередной финансовый год и плановый период) | E49: =IF(C49=$C$5,1,0) -> 1 | H49: =E49*(1-F49)*(1-G49) -> 1 | I49: https://www.engels-city.ru/news-line/87974-sostoyatsya-publichnye-slushaniya-po-proektu-byudzheta-engelsskogo-rajona

Sheet Показатель 9.2
A1: 9.2. Проведение публичных слушаний по проекту решения о бюджете муниципального образования на очередной финансовый год (очередной финансовый год и плановый период)
A2: Комментарий:
A3: ='Методика IV этап'!B23 -> В целях оценки показателя учитывается официальный документ (решение/протокол), принятый по итогам публичных слушаний или общественного обсуждения и подписанный уполномоченным должностным лицом. Указанный документ должен быть опубликован не позднее 10 рабочих дней после проведения публичных слушаний и сохраняться не менее трех лет. При нарушении указанного срока применяется понижающий коэффициент за несоблюдение сроков обеспечения доступа к бюджетным данным. В случае, если в установленный срок документ не размещен, оценка показателя принимает значение 0 баллов.
A4: № п/п | B4: Вопрос | C4: ='Методика IV этап'!B22 -> Проведение публичных слушаний по проекту решения о бюджете муниципального образования на очередной финансовый год (очередной финансовый год и плановый период) и опубликование в составе материалов к проекту решения о бюджете муниципального образования на очередной финансовый год (очередной финансовый год и плановый период) итогового документа (решения/ протокола), принятого по результатам публичных слушаний, на портале (сайте) | D4: Формат (указать формат документа) | E4: Доступность (указать, если возникли трудности с поиском документа, если переход осуществляется более, чем за 5 «кликов» с основной страницы портала (сайта), если название раздела не соответствует содержанию) | F4: Оценка показателя 9.2 | K4: Ссылка на источник данных | L4: Комментарии
B5: Варианты ответов | C5: ='Методика IV этап'!B24 -> Проводились, и в составе материалов к проекту решения о бюджете муниципального образования на очередной финансовый год (очередной финансовый год и плановый период) опубликован итоговый документ (решение/протокол), принятый по результатам публичных слушаний | D5: Word, Excel, PDF | F5: баллы | G5: понижающие коэффициенты | J5: Итого
C6: ='Методика IV этап'!B25 -> Публичные слушания не проводились, или не опубликован итоговый документ (решение/протокол), принятый по результатам публичных слушаний | G6: графический формат | H6: затруднен-ный поиск | I6: несоблюде-ние сроков
B7: Городские округа
A8: 1 | B8: г. Саратов | C8: Проводились, и в составе материалов к проекту решения о бюджете муниципального образования на очередной финансовый год (очередной финансовый год и плановый период) опубликован итоговый документ (решение/протокол), принятый по результатам публичных слушаний | D8: PDF | F8: =IF(C8=$C$5,1,0) -> 1 | J8: =F8*(1-G8)*(1-H8)*(1-I8) -> 1 | K8: http://saratovmer.ru/budget/rubrics/4/1331.html
A9: 2 | B9: п. Михайловское | C9: Проводились, и в составе материалов к проекту решения о бюджете муниципального образования на очередной финансовый год (очередной финансовый год и плановый период) опубликован итоговый документ (решение/протокол), принятый по результатам публичных слушаний | D9: JPG | F9: =IF(C9=$C$5,1,0) -> 1 | J9: =F9*(1-G9)*(1-H9)*(1-I9) -> 1 | K9: http://mihailovski.ru/byudzhet-mo-na-2024-2026-gody/materialy-k-proektu-resheniya-o-byudzhete/protokol-publichnykh-slushaniy-po-proektu-byudzhet/
A10: 3 | B10: ЗАТО Светлый | C10: Проводились, и в составе материалов к проекту решения о бюджете муниципального образования на очередной финансовый год (очередной финансовый год и плановый период) опубликован итоговый документ (решение/протокол), принятый по результатам публичных слушаний | D10: PDF | F10: =IF(C10=$C$5,1,0) -> 1 | J10: =F10*(1-G10)*(1-H10)*(1-I10) -> 1 | K10: https://zatosvetly.ru/city/economics_amp_finance/byudzhet-gorodskogo-okruga/byudzhet-gorodskogo-okruga-zato-svetlyy/2024-g/index.php?ELEMENT_ID=24042
A11: 4 | B11: г. Шиханы | C11: Публичные слушания не проводились, или не опубликован итоговый документ (решение/протокол), принятый по результатам публичных слушаний | D11: PDF | E11: Раздел «Бюджет для граждан». Опубликован не в составе материалов к проекту решения о бюджете муниципального образования на очередной финансовый год | F11: =IF(C11=$C$5,1,0) -> 0 | J11: =F11*(1-G11)*(1-H11)*(1-I11) -> 0 | K11: http://zatoshihany.ru/budget/byudzhet-dlya-grazhdan/
B12: Муниципальные районы
A13: 5 | B13: Александрово-Гайский | C13: Публичные слушания не проводились, или не опубликован итоговый документ (решение/протокол), принятый по результатам публичных слушаний | D13: Word | E13: Опубликован не в составе материалов к проекту решения о бюджете муниципального образования на очередной финансовый год | F13: =IF(C13=$C$5,1,0) -> 0 | J13: =F13*(1-G13)*(1-H13)*(1-I13) -> 0 | K13: http://algay.sarmo.ru/?ELEMENT_ID=10232 | L13: В документе отсутствует подпись должностного лица. Не соблюден формат размещения официального документа.
A14: 6 | B14: Аркадакский | C14: Проводились, и в составе материалов к проекту решения о бюджете муниципального образования на очередной финансовый год (очередной финансовый год и плановый период) опубликован итоговый документ (решение/протокол), принятый по результатам публичных слушаний | D14: PDF | E14: больше 6 кликов, рекомендовано добавить на главной странице быструю ссылку на раздел «Бюджет» | F14: =IF(C14=$C$5,1,0) -> 1 | H14: 0.5 | J14: =F14*(1-G14)*(1-H14)*(1-I14) -> 0.5 | K14: https://arkadak.gosuslugi.ru/ofitsialno/statistika/byudzhet-dlya-grazhdan/reshenie-o-byudzhete/byudzhet-2024-2026/
A15: 7 | B15: Аткарский | C15: Проводились, и в составе материалов к проекту решения о бюджете муниципального образования на очередной финансовый год (очередной финансовый год и плановый период) опубликован итоговый документ (решение/протокол), принятый по результатам публичных слушаний | D15: JPG | F15: =IF(C15=$C$5,1,0) -> 1 | J15: =F15*(1-G15)*(1-H15)*(1-I15) -> 1 | K15: https://atkarsk.moyaokruga.ru/CityArticles.aspx?articleid=20650
A16: 8 | B16: Базарно-Карабулакский | C16: Проводились, и в составе материалов к проекту решения о бюджете муниципального образования на очередной финансовый год (очередной финансовый год и плановый период) опубликован итоговый документ (решение/протокол), принятый по результатам публичных слушаний | D16: PDF | F16: =IF(C16=$C$5,1,0) -> 1 | J16: =F16*(1-G16)*(1-H16)*(1-I16) -> 1 | K16: https://admbk.ru/administration/finansovoe-upravlenie/byudzhet/proekt-byudzheta-bkmr-na-2024-2026-gg/
A17: 9 | B17: Балаковский | C17: Проводились, и в составе материалов к проекту решения о бюджете муниципального образования на очередной финансовый год (очередной финансовый год и плановый период) опубликован итоговый документ (решение/протокол), принятый по результатам публичных слушаний | D17: PDF | F17: =IF(C17=$C$5,1,0) -> 1 | J17: =F17*(1-G17)*(1-H17)*(1-I17) -> 1 | K17: http://balkomfin.ru/
A18: 10 | B18: Балашовский | C18: Проводились, и в составе материалов к проекту решения о бюджете муниципального образования на очередной финансовый год (очередной финансовый год и плановый период) опубликован итоговый документ (решение/протокол), принятый по результатам публичных слушаний | D18: PDF | F18: =IF(C18=$C$5,1,0) -> 1 | J18: =F18*(1-G18)*(1-H18)*(1-I18) -> 1 | K18: http://baladmin.ru/byudzhet-na-2024-god-i-planovyy-period-2025-i-2026-godov.php
A19: 11 | B19: Балтайский | C19: Проводились, и в составе материалов к проекту решения о бюджете муниципального образования на очередной финансовый год (очередной финансовый год и плановый период) опубликован итоговый документ (решение/протокол), принятый по результатам публичных слушаний | D19: PDF | F19: =IF(C19=$C$5,1,0) -> 1 | J19: =F19*(1-G19)*(1-H19)*(1-I19) -> 1 | K19: http://adm-baltay.ru/finansovoe-upravlenie/proekt-mestnogo-byudzheta-baltajskogo-municzipalnogo-rajona-na-2024-god-i-na-planovyj-period-2025-2026-godov/
A20: 12 | B20: Вольский | C20: Публичные слушания не проводились, или не опубликован итоговый документ (решение/протокол), принятый по результатам публичных слушаний | D20: Word | F20: =IF(C20=$C$5,1,0) -> 0 | J20: =F20*(1-G20)*(1-H20)*(1-I20) -> 0 | K20: http://volsk-ms.ru/d0-bf-d1-83-d0-b1-d0-bb-d0-b8-d1-87-d0-bd-d1-8b-d0-b5-d1-81-d0-bb-d1-83-d1-88-d0-b0-d0-bd-d0-b8-d1-8f-2023/ | L20: Ссылка на страницу, где опубликован итоговый документ (решение/протокол), принятый по результатам публичных слушаний, не предоставлена. В найденном в другом месте документе отсутствует подпись должностного лица. Не соблюден формат размещения официального документа.
A21: 13 | B21: Воскресенский | C21: Публичные слушания не проводились, или не опубликован итоговый документ (решение/протокол), принятый по результатам публичных слушаний | F21: =IF(C21=$C$5,1,0) -> 0 | J21: =F21*(1-G21)*(1-H21)*(1-I21) -> 0 | K21: https://voskresensk64.ru/meeting/mun-sobranie/documents/index.php | L21: По указанной ссылке протокол публичных слушаний не найден. В целях оценки показателя учитывается официальный документ (решение/протокол), принятый по итогам публичных слушаний или общественного обсуждения и подписанный уполномоченным должностным лицом, опубликованный в составе материалов к проекту решения о бюджете муниципального образования на очередной финансовый год (очередной финансовый год и плановый период).
A22: 14 | B22: Дергачевский | C22: Публичные слушания не проводились, или не опубликован итоговый документ (решение/протокол), принятый по результатам публичных слушаний | D22: PDF | E22: Опубликован не в составе материалов к проекту решения о бюджете муниципального образования на очередной финансовый год | F22: =IF(C22=$C$5,1,0) -> 0 | J22: =F22*(1-G22)*(1-H22)*(1-I22) -> 0 | K22: http://dergachi.sarmo.ru/publichnye-slushaniya.php
A23: 15 | B23: Духовницкий | C23: Публичные слушания не проводились, или не опубликован итоговый документ (решение/протокол), принятый по результатам публичных слушаний | D23: PDF | E23: Опубликован не в составе материалов к проекту решения о бюджете муниципального образования на очередной финансовый год | F23: =IF(C23=$C$5,1,0) -> 0 | J23: =F23*(1-G23)*(1-H23)*(1-I23) -> 0 | K23: http://duhovnitskoe.sarmo.ru/publichnye-slushaniya/?ELEMENT_ID=14640
A24: 16 | B24: Екатериновский | C24: Проводились, и в составе материалов к проекту решения о бюджете муниципального образования на очередной финансовый год (очередной финансовый год и плановый период) опубликован итоговый документ (решение/протокол), принятый по результатам публичных слушаний | D24: PDF | F24: =IF(C24=$C$5,1,0) -> 1 | J24: =F24*(1-G24)*(1-H24)*(1-I24) -> 1 | K24: http://ekaterinovka.sarmo.ru/administratsiya-rayona/2023-god-publichnye-slushaniya.php
A25: 17 | B25: Ершовский | C25: Публичные слушания не проводились, или не опубликован итоговый документ (решение/протокол), принятый по результатам публичных слушаний | D25: PDF | E25: Опубликован не в составе материалов к проекту решения о бюджете муниципального образования на очередной финансовый год | F25: =IF(C25=$C$5,1,0) -> 0 | J25: =F25*(1-G25)*(1-H25)*(1-I25) -> 0 | K25: https://adminemr.ru/byudzhet-i-finansy/obshchestvennoe-uchastie/
A26: 18 | B26: Ивантеевский | C26: Проводились, и в составе материалов к проекту решения о бюджете муниципального образования на очередной финансовый год (очередной финансовый год и плановый период) опубликован итоговый документ (решение/протокол), принятый по результатам публичных слушаний | D26: PDF | F26: =IF(C26=$C$5,1,0) -> 1 | J26: =F26*(1-G26)*(1-H26)*(1-I26) -> 1 | K26: http://ivanteevka.sarmo.ru/byudzhet-dlya-grazhdan/proekt-byudzheta-dlya-grazhdan/proekt-resheniya-byudzheta-na-2024-god.php
A27: 19 | B27: Калининский | C27: Проводились, и в составе материалов к проекту решения о бюджете муниципального образования на очередной финансовый год (очередной финансовый год и плановый период) опубликован итоговый документ (решение/протокол), принятый по результатам публичных слушаний | D27: PDF | F27: =IF(C27=$C$5,1,0) -> 1 | J27: =F27*(1-G27)*(1-H27)*(1-I27) -> 1 | K27: http://kalininsk.sarmo.ru/otkrytyybyudzhet/obshchestvennoe-uchastie/publichnye-slushaniya-po-proektu-resheniya-o-byudzhete/publichnye-slushaniya-2023-god.php
A28: 20 | B28: Красноармейский | C28: Публичные слушания не проводились, или не опубликован итоговый документ (решение/протокол), принятый по результатам публичных слушаний | F28: =IF(C28=$C$5,1,0) -> 0 | J28: =F28*(1-G28)*(1-H28)*(1-I28) -> 0 | L28: Обратите внимание, необходимо предоставлять ссылка на страницу, где размещен оцениваемый документ. В целях оценки показателя учитывается официальный документ (решение/протокол), принятый по итогам публичных слушаний или общественного обсуждения и подписанный уполномоченным должностным лицом, опубликованный в составе материалов к проекту решения о бюджете муниципального образования на очередной финансовый год (очередной финансовый год и плановый период).
A29: 21 | B29: Краснокутский | C29: Проводились, и в составе материалов к проекту решения о бюджете муниципального образования на очередной финансовый год (очередной финансовый год и плановый период) опубликован итоговый документ (решение/протокол), принятый по результатам публичных слушаний | D29: PDF | F29: =IF(C29=$C$5,1,0) -> 1 | J29: =F29*(1-G29)*(1-H29)*(1-I29) -> 1 | K29: https://krasny-kut.ru/finansy/novosti/
A30: 22 | B30: Краснопартизанский | C30: Проводились, и в составе материалов к проекту решения о бюджете муниципального образования на очередной финансовый год (очередной финансовый год и плановый период) опубликован итоговый документ (решение/протокол), принятый по результатам публичных слушаний | D30: PDF | F30: =IF(C30=$C$5,1,0) -> 1 | J30: =F30*(1-G30)*(1-H30)*(1-I30) -> 1 | K30: https://adminkmr.ru/byudzhet/byudzhet-munitsipalnogo-rayona/byudzhet-rayona-2024.php
A31: 23 | B31: Лысогорский | C31: Публичные слушания не проводились, или не опубликован итоговый документ (решение/протокол), принятый по результатам публичных слушаний | D31: Word | E31: Опубликован не в составе материалов к проекту решения о бюджете муниципального образования на очередной финансовый год | F31: =IF(C31=$C$5,1,0) -> 0 | J31: =F31*(1-G31)*(1-H31)*(1-I31) -> 0 | K31: https://adm.lysyegory.ru/base/14330-zaklyuchenie-ps.html | L31: В документе отсутствует подпись должностного лица. Не соблюден формат размещения официального документа.
A32: 24 | B32: Марксовский | C32: Проводились, и в составе материалов к проекту решения о бюджете муниципального образования на очередной финансовый год (очередной финансовый год и плановый период) опубликован итоговый документ (решение/протокол), принятый по результатам публичных слушаний | D32: PDF | F32: =IF(C32=$C$5,1,0) -> 1 | J32: =F32*(1-G32)*(1-H32)*(1-I32) -> 1 | K32: https://marksadm.ru/ps-sl.html
A33: 25 | B33: Новобурасский | C33: Проводились, и в составе материалов к проекту решения о бюджете муниципального образования на очередной финансовый год (очередной финансовый год и плановый период) опубликован итоговый документ (решение/протокол), принятый по результатам публичных слушаний | D33: PDF | F33: =IF(C33=$C$5,1,0) -> 1 | J33: =F33*(1-G33)*(1-H33)*(1-I33) -> 1 | K33: http://www.nbfin.ru/resheniya_o_byudzhetah/novoburasskogo_municipal_nogo_rajona/proekt_resheniya_o_byudzhete/na_2024_god/
A34: 26 | B34: Новоузенский | C34: Публичные слушания не проводились, или не опубликован итоговый документ (решение/протокол), принятый по результатам публичных слушаний | D34: PDF | E34: Опубликован не в составе материалов к проекту решения о бюджете муниципального образования на очередной финансовый год | F34: =IF(C34=$C$5,1,0) -> 0 | J34: =F34*(1-G34)*(1-H34)*(1-I34) -> 0 | K34: https://novouzensk.gosuslugi.ru/ofitsialno/dokumenty/dokumenty-all_206.html
A35: 27 | B35: Озинский | C35: Проводились, и в составе материалов к проекту решения о бюджете муниципального образования на очередной финансовый год (очередной финансовый год и плановый период) опубликован итоговый документ (решение/протокол), принятый по результатам публичных слушаний | D35: PDF | F35: =IF(C35=$C$5,1,0) -> 1 | J35: =F35*(1-G35)*(1-H35)*(1-I35) -> 1 | K35: http://ozinki.sarmo.ru/byudzhet/byudzhet-munitsipalnogo-rayona.php?ELEMENT_ID=9406
A36: 28 | B36: Перелюбский | C36: Проводились, и в составе материалов к проекту решения о бюджете муниципального образования на очередной финансовый год (очередной финансовый год и плановый период) опубликован итоговый документ (решение/протокол), принятый по результатам публичных слушаний | D36: PDF | F36: =IF(C36=$C$5,1,0) -> 1 | J36: =F36*(1-G36)*(1-H36)*(1-I36) -> 1 | K36: https://www.перелюбский.рф/munitsipalnoe-sobranie-rayona/byudzhet-rayona/ | L36: По предоставленной ссылке https://www.перелюбский.рф/dokumenty/ оцениваемый документ отсутствует.
A37: 29 | B37: Петровский | C37: Проводились, и в составе материалов к проекту решения о бюджете муниципального образования на очередной финансовый год (очередной финансовый год и плановый период) опубликован итоговый документ (решение/протокол), принятый по результатам публичных слушаний | D37: PDF | F37: =IF(C37=$C$5,1,0) -> 1 | J37: =F37*(1-G37)*(1-H37)*(1-I37) -> 1 | K37: https://petrovsk64.gosuslugi.ru/ofitsialno/struktura/munitsipalnye-podvedomstvennye-organizatsii/fin-upr/byudzhet-munitsipalnogo-rayona/dokumenty_15998.html
A38: 30 | B38: Питерский | C38: Публичные слушания не проводились, или не опубликован итоговый документ (решение/протокол), принятый по результатам публичных слушаний | D38: PDF | E38: Опубликован не в составе материалов к проекту решения о бюджете муниципального образования на очередной финансовый год | F38: =IF(C38=$C$5,1,0) -> 0 | J38: =F38*(1-G38)*(1-H38)*(1-I38) -> 0 | K38: https://питерка.рф/ekonomika-i-byudzhet/byudzhet-piterskogo-mr/publichnye-slushaniya/publichnye-slushaniya-po-proektu-resheniya-o-byudzhete-piterskogo-munitsipalnogo-rayona-na-2024-god-/
A39: 31 | B39: Пугачевский | C39: Проводились, и в составе материалов к проекту решения о бюджете муниципального образования на очередной финансовый год (очередной финансовый год и плановый период) опубликован итоговый документ (решение/протокол), принятый по результатам публичных слушаний | D39: PDF | F39: =IF(C39=$C$5,1,0) -> 1 | J39: =F39*(1-G39)*(1-H39)*(1-I39) -> 1 | K39: https://pugachev-adm.gosuslugi.ru/ofitsialno/byudzhet-rayona/materialy-i-dokumenty-k-proektu/2024-god/
A40: 32 | B40: Ровенский | C40: Проводились, и в составе материалов к проекту решения о бюджете муниципального образования на очередной финансовый год (очередной финансовый год и плановый период) опубликован итоговый документ (решение/протокол), принятый по результатам публичных слушаний | D40: PDF | F40: =IF(C40=$C$5,1,0) -> 1 | J40: =F40*(1-G40)*(1-H40)*(1-I40) -> 1 | K40: http://rovnoe.sarmo.ru/byudzhet/reshenie-byudzheta-na-2017-god/2024-god.php?clear_cache=Y
A41: 33 | B41: Романовский | C41: Проводились, и в составе материалов к проекту решения о бюджете муниципального образования на очередной финансовый год (очередной финансовый год и плановый период) опубликован итоговый документ (решение/протокол), принятый по результатам публичных слушаний | D41: PDF | F41: =IF(C41=$C$5,1,0) -> 1 | J41: =F41*(1-G41)*(1-H41)*(1-I41) -> 1 | K41: http://romanovka.sarmo.ru/byudzhet-dlya-grazhdan/byudzhet-romanovskogo-munitsipalnogo-rayona/kharakteristika-utverzhdennogo-byudzheta/
A42: 34 | B42: Ртищевский | C42: Проводились, и в составе материалов к проекту решения о бюджете муниципального образования на очередной финансовый год (очередной финансовый год и плановый период) опубликован итоговый документ (решение/протокол), принятый по результатам публичных слушаний | D42: PDF | F42: =IF(C42=$C$5,1,0) -> 1 | J42: =F42*(1-G42)*(1-H42)*(1-I42) -> 1 | K42: http://rtishevo.sarmo.ru/finansovyy-organ/rtishchevskiy-munitsipalnyy-rayon/2024-god/proekt-byudzheta-rtishchevskogo-munitsipalnogo-rayona/
A43: 35 | B43: Самойловский | C43: Проводились, и в составе материалов к проекту решения о бюджете муниципального образования на очередной финансовый год (очередной финансовый год и плановый период) опубликован итоговый документ (решение/протокол), принятый по результатам публичных слушаний | D43: PDF | F43: =IF(C43=$C$5,1,0) -> 1 | J43: =F43*(1-G43)*(1-H43)*(1-I43) -> 1 | K43: https://sam64.ru/ekonomika-i-byudzhet/byudzhet/publichnye-slushaniya/
A44: 36 | B44: Советский | C44: Проводились, и в составе материалов к проекту решения о бюджете муниципального образования на очередной финансовый год (очередной финансовый год и плановый период) опубликован итоговый документ (решение/протокол), принятый по результатам публичных слушаний | D44: PDF | F44: =IF(C44=$C$5,1,0) -> 1 | J44: =F44*(1-G44)*(1-H44)*(1-I44) -> 1 | K44: https://stepnoe-adm.ru/administration/use-budget-funds/mestnyy-byudzhet/
A45: 37 | B45: Татищевский | C45: Проводились, и в составе материалов к проекту решения о бюджете муниципального образования на очередной финансовый год (очередной финансовый год и плановый период) опубликован итоговый документ (решение/протокол), принятый по результатам публичных слушаний | D45: JPG | F45: =IF(C45=$C$5,1,0) -> 1 | J45: =F45*(1-G45)*(1-H45)*(1-I45) -> 1 | K45: http://tatishevo.saratov.gov.ru/index.php?option=com_content&view=article&id=2666:2016-02-02-08-52-24&catid=64:2009-12-20-17-44-19&Itemid=91
A46: 38 | B46: Турковский | C46: Проводились, и в составе материалов к проекту решения о бюджете муниципального образования на очередной финансовый год (очередной финансовый год и плановый период) опубликован итоговый документ (решение/протокол), принятый по результатам публичных слушаний | D46: PDF | F46: =IF(C46=$C$5,1,0) -> 1 | J46: =F46*(1-G46)*(1-H46)*(1-I46) -> 1 | K46: https://turkovskoe-r64.gosweb.gosuslugi.ru/deyatelnost/napravleniya-deyatelnosti/otkrytyy-byudzhet/proekt-byudzheta-turkovskogo-munitsipalnogo-rayona/2024-god/
A47: 39 | B47: Федоровский | C47: Проводились, и в составе материалов к проекту решения о бюджете муниципального образования на очередной финансовый год (очередной финансовый год и плановый период) опубликован итоговый документ (решение/протокол), принятый по результатам публичных слушаний | D47: PDF | F47: =IF(C47=$C$5,1,0) -> 1 | J47: =F47*(1-G47)*(1-H47)*(1-I47) -> 1 | K47: http://fedormr.ru/byudzhet/byudzhet2024.php
A48: 40 | B48: Хвалынский | C48: Публичные слушания не проводились, или не опубликован итоговый документ (решение/протокол), принятый по результатам публичных слушаний | F48: =IF(C48=$C$5,1,0) -> 0 | J48: =F48*(1-G48)*(1-H48)*(1-I48) -> 0 | K48: http://hvalynsk.sarmo.ru/administratsiya-khvalynskogo-munitsipalnogo-rayona/byudzhet/proekt-byudzheta.php | L48: По предоставленной ссылке и на сайте оцениваемый документ не найден
A49: 41 | B49: Энгельсский | C49: Проводились, и в составе материалов к проекту решения о бюджете муниципального образования на очередной финансовый год (очередной финансовый год и плановый период) опубликован итоговый документ (решение/протокол), принятый по результатам публичных слушаний | D49: PDF | F49: =IF(C49=$C$5,1,0) -> 1 | J49: =F49*(1-G49)*(1-H49)*(1-I49) -> 1 | K49: https://www.engels-city.ru/publichnye-slushaniya

Sheet Показатель 9.3
A1: 9.3. Участие муниципального образования в проводимых в текущем году федеральных и (или) региональных конкурсах по бюджетной тематике и опубликование информации об этом на портале (сайте).
A2: Комментарий:
A3: ='Методика IV этап'!B27 -> В целях оценки показателя учитывается публикация информации об участии муниципального образования в федеральных или региональных конкурсах по бюджетной тематике на портале (сайте). В опубликованных сведениях в обязательном порядке должны быть указаны его наименование, организатор(-ы), сроки проведения, а также достигнутые результаты.
A4: № п/п | B4: Вопрос | C4: ='Методика IV этап'!B26 -> Участие муниципального образования в проводимых в текущем году федеральных и (или) региональных конкурсах по бюджетной тематике и опубликование информации об этом на портале (сайте). | D4: Доступность (указать, если возникли трудности с поиском документа, если переход осуществляется более, чем за 5 «кликов» с основной страницы портала (сайта), если название раздела не соответствует содержанию) | E4: Оценка показателя 9.3 | H4: Ссылка на источник данных | I4: Комментарии
B5: Варианты ответов | C5: ='Методика IV этап'!B28 -> Опубликована | E5: баллы | F5: понижающие коэффициенты | G5: Итого
C6: ='Методика IV этап'!B29 -> Не опубликована или не отвечает требованиям | F6: затрудненный поиск
B7: Городские округа
A8: 1 | B8: г. Саратов | C8: Опубликована | E8: =IF(C8=$C$5,1,0) -> 1 | G8: =E8*(1-F8) -> 1 | H8: http://saratovmer.ru/news/2023/06/06/79219.html http://saratovmer.ru/news/2023/06/13/79357.html http://saratovmer.ru/news/2023/11/24/82517.html
A9: 2 | B9: п. Михайловское | C9: Опубликована | E9: =IF(C9=$C$5,1,0) -> 1 | G9: =E9*(1-F9) -> 1 | H9: http://mihailovski.ru/news/obyavlenie2502/
A10: 3 | B10: ЗАТО Светлый | C10: Не опубликована или не отвечает требованиям | E10: =IF(C10=$C$5,1,0) -> 0 | G10: =E10*(1-F10) -> 0 | I10: В целях оценки показателя учитывается публикация информации об участии муниципального образования в федеральных или региональных конкурсах по бюджетной тематике на портале (сайте). Муниципальное образование принимало участие в Всероссийском конкурсе «Лучшая муниципальная практика», но информации об этом на сайте не обнаружено.
A11: 4 | B11: г. Шиханы | C11: Не опубликована или не отвечает требованиям | E11: =IF(C11=$C$5,1,0) -> 0 | G11: =E11*(1-F11) -> 0 | I11: В целях оценки показателя учитывается публикация информации об участии муниципального образования в федеральных или региональных конкурсах по бюджетной тематике на портале (сайте). Ссылка на страницу, где опубликовано информационное сообщение, не предоставлена, на сайте информация не найдена.
B12: Муниципальные районы
A13: 5 | B13: Александрово-Гайский | C13: Не опубликована или не отвечает требованиям | E13: =IF(C13=$C$5,1,0) -> 0 | G13: =E13*(1-F13) -> 0 | I13: В целях оценки показателя учитывается публикация информации об участии муниципального образования в федеральных или региональных конкурсах по бюджетной тематике на портале (сайте). Ссылка на страницу, где опубликовано информационное сообщение, не предоставлена, на сайте информация не найдена.
A14: 6 | B14: Аркадакский | C14: Опубликована | E14: =IF(C14=$C$5,1,0) -> 1 | G14: =E14*(1-F14) -> 1 | H14: https://arkadak.gosuslugi.ru/dlya-zhiteley/novosti-i-reportazhi/novosti_445.html https://arkadak.gosuslugi.ru/dlya-zhiteley/novosti-i-reportazhi/novosti_611.html
A15: 7 | B15: Аткарский | C15: Опубликована | E15: =IF(C15=$C$5,1,0) -> 1 | G15: =E15*(1-F15) -> 1 | H15: https://atkarsk.moyaokruga.ru/CityArticles.aspx?articleid=19194 https://atkarskgazeta.ru/novosti/economika/atkarskij-rajon-nameren-stat-luchshim-v-rossii-v-sfere-finansov-2/ https://atkarskgazeta.ru/novosti/economika/atkarskij-rajon-stal-luchshim-v-rossii-v-sfere-upravleniya-finansami/ https://atkarsk.moyaokruga.ru/CityArticles.aspx?articleid=19412 https://atkarsk.moyaokruga.ru/CityArticles.aspx?articleid=20592
A16: 8 | B16: Базарно-Карабулакский | C16: Не опубликована или не отвечает требованиям | E16: =IF(C16=$C$5,1,0) -> 0 | G16: =E16*(1-F16) -> 0 | I16: Ссылка на страницу, где опубликолвано информационное сообщение, не предоставлена, на сайте информация не найдена.
A17: 9 | B17: Балаковский | C17: Опубликована | E17: =IF(C17=$C$5,1,0) -> 1 | G17: =E17*(1-F17) -> 1 | H17: http://balkomfin.ru/docs/board/sertificatos_20.pdf
A18: 10 | B18: Балашовский | C18: Опубликована | E18: =IF(C18=$C$5,1,0) -> 1 | G18: =E18*(1-F18) -> 1 | H18: http://baladmin.ru/administration/divisions-structure/uchastie-v-federalnykh-i-regionalnykh-konkursakh.php | I18: Для увеличения вероятности просмотра информационного сообщения для граждан об участии муниципального образования в проводимых в текущем году федеральных и (или) региональных конкурсах по бюджетной тематике предпочтительным для публикации считается раздел «Новости муниципального района»
A19: 11 | B19: Балтайский | C19: Не опубликована или не отвечает требованиям | E19: =IF(C19=$C$5,1,0) -> 0 | G19: =E19*(1-F19) -> 0 | I19: Ссылка на страницу, где опубликолвано информационное сообщение, не предоставлена, на сайте информация не найдена.
A20: 12 | B20: Вольский | C20: Не опубликована или не отвечает требованиям | E20: =IF(C20=$C$5,1,0) -> 0 | G20: =E20*(1-F20) -> 0 | H20: http://вольск.рф/about/info/news | I20: По предоставленной ссылке и на сайте информационное сообщение об участии муниципального образования в конкурсах бюджетной не найдено.
A21: 13 | B21: Воскресенский | C21: Не опубликована или не отвечает требованиям | E21: =IF(C21=$C$5,1,0) -> 0 | G21: =E21*(1-F21) -> 0 | I21: Ссылка на страницу, где опубликолвано информационное сообщение, не предоставлена, на сайте информация не найдена.
A22: 14 | B22: Дергачевский | C22: Не опубликована или не отвечает требованиям | E22: =IF(C22=$C$5,1,0) -> 0 | G22: =E22*(1-F22) -> 0 | I22: Ссылка на страницу, где опубликолвано информационное сообщение, не предоставлена, на сайте информация не найдена.
A23: 15 | B23: Духовницкий | C23: Не опубликована или не отвечает требованиям | E23: =IF(C23=$C$5,1,0) -> 0 | G23: =E23*(1-F23) -> 0 | H23: http://duhovnitskoe.sarmo.ru/novosti/14819/ | I23: В целях оценки показателя учитывается публикация информации об участии муниципального образования в федеральных или региональных конкурсах по бюджетной тематике на портале (сайте). По предоставленной ссылке опубликован просто анонс конкурса.
A24: 16 | B24: Екатериновский | C24: Не опубликована или не отвечает требованиям | E24: =IF(C24=$C$5,1,0) -> 0 | G24: =E24*(1-F24) -> 0 | I24: Ссылка на страницу, где опубликолвано информационное сообщение, не предоставлена, на сайте информация не найдена.
A25: 17 | B25: Ершовский | C25: Не опубликована или не отвечает требованиям | E25: =IF(C25=$C$5,1,0) -> 0 | G25: =E25*(1-F25) -> 0 | I25: Ссылка на страницу, где опубликолвано информационное сообщение, не предоставлена, на сайте информация не найдена.
A26: 18 | B26: Ивантеевский | C26: Опубликована | E26: =IF(C26=$C$5,1,0) -> 1 | G26: =E26*(1-F26) -> 1 | H26: http://ivanteevka.sarmo.ru/novyy-razdel/?ELEMENT_ID=12542
A27: 19 | B27: Калининский | C27: Не опубликована или не отвечает требованиям | E27: =IF(C27=$C$5,1,0) -> 0 | G27: =E27*(1-F27) -> 0 | I27: Ссылка на страницу, где опубликолвано информационное сообщение, не предоставлена, на сайте информация не найдена.
A28: 20 | B28: Красноармейский | C28: Не опубликована или не отвечает требованиям | E28: =IF(C28=$C$5,1,0) -> 0 | G28: =E28*(1-F28) -> 0 | H28: https://krasnoarmeysk64.ru/krasnoarmeyskiy-rayon/natsproekty.php | I28: В целях оценки показателя учитывается публикация информации об участии муниципального образования в федеральных или региональных конкурсах по бюджетной тематике на портале (сайте).
A29: 21 | B29: Краснокутский | C29: Не опубликована или не отвечает требованиям | E29: =IF(C29=$C$5,1,0) -> 0 | G29: =E29*(1-F29) -> 0 | I29: Ссылка на страницу, где опубликолвано информационное сообщение, не предоставлена, на сайте информация не найдена.
A30: 22 | B30: Краснопартизанский | C30: Не опубликована или не отвечает требованиям | E30: =IF(C30=$C$5,1,0) -> 0 | G30: =E30*(1-F30) -> 0 | I30: Ссылка на страницу, где опубликолвано информационное сообщение, не предоставлена, на сайте информация не найдена.
A31: 23 | B31: Лысогорский | C31: Не опубликована или не отвечает требованиям | E31: =IF(C31=$C$5,1,0) -> 0 | G31: =E31*(1-F31) -> 0 | I31: Ссылка на страницу, где опубликолвано информационное сообщение, не предоставлена, на сайте информация не найдена.
A32: 24 | B32: Марксовский | C32: Не опубликована или не отвечает требованиям | E32: =IF(C32=$C$5,1,0) -> 0 | G32: =E32*(1-F32) -> 0 | I32: Ссылка на страницу, где опубликолвано информационное сообщение, не предоставлена, на сайте информация не найдена.
A33: 25 | B33: Новобурасский | C33: Опубликована | E33: =IF(C33=$C$5,1,0) -> 1 | G33: =E33*(1-F33) -> 1 | H33: http://www.nbfin.ru/allnews/podvedeny_itogi_regional_nogo_konkursa_byudzhet_dlya_grazhdan_v_2023_g/
A34: 26 | B34: Новоузенский | C34: Не опубликована или не отвечает требованиям | E34: =IF(C34=$C$5,1,0) -> 0 | G34: =E34*(1-F34) -> 0 | I34: Ссылка на страницу, где опубликолвано информационное сообщение, не предоставлена, на сайте информация не найдена.
A35: 27 | B35: Озинский | C35: Опубликована | E35: =IF(C35=$C$5,1,0) -> 1 | G35: =E35*(1-F35) -> 1 | H35: http://ozinki.sarmo.ru/novosti-munitsipalnogo-rayona/?ELEMENT_ID=9318 http://ozinki.sarmo.ru/novosti-munitsipalnogo-rayona/?ELEMENT_ID=9553
A36: 28 | B36: Перелюбский | C36: Не опубликована или не отвечает требованиям | E36: =IF(C36=$C$5,1,0) -> 0 | G36: =E36*(1-F36) -> 0 | I36: Ссылка на страницу, где опубликолвано информационное сообщение, не предоставлена, на сайте информация не найдена.
A37: 29 | B37: Петровский | C37: Не опубликована или не отвечает требованиям | E37: =IF(C37=$C$5,1,0) -> 0 | G37: =E37*(1-F37) -> 0 | I37: Ссылка на страницу, где опубликолвано информационное сообщение, не предоставлена, на сайте информация не найдена.
A38: 30 | B38: Питерский | C38: Не опубликована или не отвечает требованиям | E38: =IF(C38=$C$5,1,0) -> 0 | G38: =E38*(1-F38) -> 0 | I38: Ссылка на страницу, где опубликолвано информационное сообщение, не предоставлена, на сайте информация не найдена.
A39: 31 | B39: Пугачевский | C39: Не опубликована или не отвечает требованиям | E39: =IF(C39=$C$5,1,0) -> 0 | G39: =E39*(1-F39) -> 0 | I39: Ссылка на страницу, где опубликолвано информационное сообщение, не предоставлена, на сайте информация не найдена.
A40: 32 | B40: Ровенский | C40: Не опубликована или не отвечает требованиям | E40: =IF(C40=$C$5,1,0) -> 0 | G40: =E40*(1-F40) -> 0 | I40: Ссылка на страницу, где опубликолвано информационное сообщение, не предоставлена, на сайте информация не найдена.
A41: 33 | B41: Романовский | C41: Опубликована | E41: =IF(C41=$C$5,1,0) -> 1 | G41: =E41*(1-F41) -> 1 | H41: http://romanovka.sarmo.ru/?ELEMENT_ID=6643 | I41: Ссылка на страницу, где опубликолвано информационное сообщение, не предоставлена, на сайте информация не найдена.
A42: 34 | B42: Ртищевский | C42: Опубликована | E42: =IF(C42=$C$5,1,0) -> 1 | G42: =E42*(1-F42) -> 1 | H42: http://rtishevo.sarmo.ru/novosti/novosti/16923/
A43: 35 | B43: Самойловский | C43: Не опубликована или не отвечает требованиям | E43: =IF(C43=$C$5,1,0) -> 0 | G43: =E43*(1-F43) -> 0 | I43: Ссылка на страницу, где опубликолвано информационное сообщение, не предоставлена, на сайте информация не найдена.
A44: 36 | B44: Советский | C44: Не опубликована или не отвечает требованиям | E44: =IF(C44=$C$5,1,0) -> 0 | G44: =E44*(1-F44) -> 0 | I44: Ссылка на страницу, где опубликолвано информационное сообщение, не предоставлена, на сайте информация не найдена.
A45: 37 | B45: Татищевский | C45: Не опубликована или не отвечает требованиям | E45: =IF(C45=$C$5,1,0) -> 0 | G45: =E45*(1-F45) -> 0 | I45: Ссылка на страницу, где опубликолвано информационное сообщение, не предоставлена, на сайте информация не найдена.
A46: 38 | B46: Турковский | C46: Опубликована | E46: =IF(C46=$C$5,1,0) -> 1 | G46: =E46*(1-F46) -> 1 | H46: https://turkovskoe-r64.gosweb.gosuslugi.ru/dlya-zhiteley/novosti-i-reportazhi/novosti-193_257.html
A47: 39 | B47: Федоровский | C47: Опубликована | E47: =IF(C47=$C$5,1,0) -> 1 | G47: =E47*(1-F47) -> 1 | H47: http://fedormr.ru/byudzhet/konkursy/ http://fedormr.ru/novosti/?ELEMENT_ID=2320&clear_cache=Y
A48: 40 | B48: Хвалынский | C48: Не опубликована или не отвечает требованиям | E48: =IF(C48=$C$5,1,0) -> 0 | G48: =E48*(1-F48) -> 0 | I48: Ссылка на страницу, где опубликолвано информационное сообщение, не предоставлена, на сайте информация не найдена.
A49: 41 | B49: Энгельсский | C49: Опубликована | E49: =IF(C49=$C$5,1,0) -> 1 | G49: =E49*(1-F49) -> 1 | H49: www.engels-city.ru/informatsiya-o-konkursakh-po-byudzhetnoj-tematike
